 Dungeon Crawl Stone Soup version 0.31-a0-177-g4aa6249778 (webtiles) character file.

Game seed: 463910346858941512

447889 qw the Impregnable (level 23, -15/161 HPs)
             Began as a Gargoyle Fighter on June 18, 2023.
             Was an Elder of Okawaru.
             Demolished by a doom hound (25 damage)
             ... led by Grunn
             ... on level 4 of the Depths.
             The game lasted 00:33:52 (50180 turns).

qw the Impregnable (Gargoyle Fighter)              Turns: 50180, Time: 00:33:52

Health: -15/161    AC: 72    Str: 37    XL:     23   Next: 91%
Magic:  39/39      EV: 23    Int:  9    God:    Okawaru [****..]
Gold:   413        SH: 24    Dex: 12    Spells: 22/22 levels left

rFire   + . .        r - +6 broad axe "Inecweev" {elec, rC+ Dex+3}
rCold   + . .        l - +0 tower shield {rF+}
rNeg    + . .        U - +8 crystal plate armour of the Fife {rCorr MP+9 SInv}
rPois   inf          J - +2 helmet {SInv}
rElec   +            M - +1 cloak of Soconyef {Rampage Str+3}
rCorr   +            y - +2 pair of gloves {Str+3}
SInv    +            v - +2 pair of boots {rampage}
Will    +....        P - amulet of faith Stlth
                     k - +5 ring of evasion
HPRegen 0.46/turn    O - +5 ring of evasion
MPRegen 0.26/turn

%: rampage, faith
@: about to teleport, heroic, doom-hounded, flying
A: sickness immunity, AC +17, big wings, negative energy resistance 1,
electricity resistance, torment resistance 1, petrification resistance
}: 3/15 runes: serpentine, barnacled, silver
a: Renounce Religion, Heroism, Finesse


You were on level 4 of the Depths.
You worshipped Okawaru.
Okawaru was greatly pleased with you.
You visited 8 branches of the dungeon, and saw 40 of its levels.
You visited the Abyss 1 time.
You visited 1 bazaar.
You also visited: Gauntlet and Desolation.

You collected 5129 gold pieces.
You spent 4716 gold pieces at shops.


Innate Abilities, Weirdness & Mutations

You are immune to sickness and miasma.
Your stone body is resilient. (AC +17)
You are immune to poison.
Your large and strong wings let you fly.
You resist negative energy. (rN+)
You are resistant to electric shocks. (rElec)
You are resistant to unholy torment.
You are immune to petrification.


   Skills:
 - Level 21.9(26.9) Fighting
 - Level 18.0(23.0) Axes
 + Level 11.0(16.0) Throwing
 - Level 22.0(27) Armour
 - Level 8.0(13.0) Dodging
 - Level 21.0(26.0) Shields
 - Level 10.0 Invocations


You had 22 spell levels left.
You didn't know any spells.
Your spell library was empty.

Inventory:

Hand Weapons
 c - a +2 broad axe
 r - the +6 broad axe "Inecweev" (weapon) {elec, rC+ Dex+3}
   (Okawaru gifted it to you in a Gauntlet)

   Dex:       It affects your dexterity (+3).
   rC:        It protects you from cold.
 N - the +8 broad axe of Checks and Balances {antimagic, rElec}
   (You bought it in a shop on level 3 of the Depths)

   rElec:     It insulates you from electricity.
Missiles
 f - 37 boomerangs
 B - 4 silver boomerangs (quivered)
 C - 8 javelins
 L - 4 silver javelins
 Q - 5 boomerangs of dispersal
Armour
 h - a +1 tower shield of poison resistance
 l - a +0 tower shield of fire resistance (worn)
 v - a +2 pair of boots of rampaging (worn)
 y - a +2 pair of gloves of strength (worn)
 J - a +2 helmet of see invisible (worn)
 M - the +1 cloak of Soconyef (worn) {Rampage Str+3}
   (Okawaru gifted it to you on level 4 of the Shoals)

   Str:       It affects your strength (+3).
   Rampage:   It bestows one free step when moving towards enemies.
 R - +0 gold dragon scales
 U - the +8 crystal plate armour of the Fife (worn) {rCorr MP+9 SInv}
   (Okawaru gifted it to you on level 5 of the Vaults)

   MP:        It affects your magic capacity (+9).
   SInv:      It lets you see invisible.
   rCorr:     It protects you from acid and corrosion.
Jewellery
 k - a +5 ring of evasion (left hand)
 o - an amulet of reflection
 t - a ring of fire
 x - the ring "Ugioko" {Contam rN+ rCorr Dex+4 Stlth-}
   (You bought it in a shop on level 3 of the Vaults)

   [ring of resist corrosion]

   Dex:       It affects your dexterity (+4).
   rN:        It protects you from negative energy.
   Contam:    It causes magical contamination when unequipped.
   rCorr:     It protects you from acid and corrosion.
   Stlth:     It makes you less stealthy.
 A - the ring of the Monkey's Uncle {Will- Str+4 Dex+4 SInv}
   (You found it in the Desolation of Salt)

   [ring of see invisible]

   Str:       It affects your strength (+4).
   Dex:       It affects your dexterity (+4).
   SInv:      It lets you see invisible.
   Will:      It decreases your willpower.
 D - the ring "Soixtom" {rCorr Dex+2}
   (You found it on level 1 of the Shoals)

   [ring of resist corrosion]

   Dex:       It affects your dexterity (+2).
   rCorr:     It protects you from acid and corrosion.
 F - a ring of protection from fire
 I - a ring of protection from cold
 O - a +5 ring of evasion (right hand)
 P - an amulet of faith (around neck)
 T - a ring of protection from cold
Wands
 m - a wand of digging (10)
Scrolls
 a - 21 scrolls of identify
 i - 8 scrolls of enchant armour
 n - 3 scrolls of teleportation
 z - 7 scrolls of enchant weapon
 H - 5 scrolls of brand weapon
Potions
 b - 5 potions of enlightenment
 d - 11 potions of might
 e - 4 potions of cancellation
 g - 3 potions of magic
 j - 2 potions of resistance
 p - 8 potions of attraction
 q - 5 potions of curing
 s - 2 potions of mutation
 u - 6 potions of lignification
 w - 7 potions of haste
 K - a potion of heal wounds

Dungeon Overview and Level Annotations

Branches:
Dungeon (15/15)            Temple (0/1) D:7            Lair (5/5) D:11
 Shoals (4/4) Lair:3        Snake (4/4) Lair:2        Slime (0/5) Lair:4
    Orc (2/2) D:12            Elf (0/3) Orc:2        Vaults (5/5) D:14
  Crypt (0/3) Vaults:3     Depths (4/4) D:15            Zot (1/5) Depths:4
Desolation (visited)      Gauntlet (visited)

Altars:
Ashenzari
Dithmenos
Fedhas
Gozag
Kikubaaqudgha
Makhleb
Okawaru
Qazlal
Trog
Xom
Yredelemnul
The Shining One
Jiyva

Shops:
D:6 *   D:12 *   Orc:1 (   Orc:2 [*:[??*[*   Shoals:4 =   Vaults:3 =?([
Depths:3 *(!=

Portals:
Hell: Depths:1 Depths:2 Depths:3 Depths:4
Abyss: Depths:3 Depths:4
Pandemonium: Depths:2
Ziggurat: Depths:2
Trove: D:11 (give +6 demon blade)

Annotations:
D:9 2 transporters
D:12 3 runed translucent doors, qw's ghost, journeyman GrFi
D:13 2 transporters, qw's ghost, journeyman GrFi
Lair:5 2 runed translucent doors, qw's ghost, journeyman GrFi
Snake:1 1 runed translucent door
Snake:4 3 runed translucent doors, qw's ghost, adept NaHu
Orc:1 3 runed translucent doors, Segg's ghost, adept GnSk
Vaults:1 2 transporters
Depths:3 2 transporters, qw's ghost, veteran GrHu


Message History

The doom hound goes berserk!
The moth of wrath goads the doom hound on!
The doom hound goes berserk!
The moth of wrath goads the doom hound on!
The doom hound goes berserk!
The doom hound bites you! You block the doom hound's attack.
The doom hound misses you. You block the doom hound's attack.
The golden dragon closely misses you. You block the golden dragon's attack.
The golden dragon tramples you but does no damage.
The purple draconian completely misses you.
The doom hound bites you!!! The doom hound claws you!!
50178 ||| STAIRDANCE You block the doom hound's attack. x2; The doom hound closely misses you.
The doom hound claws you!! The doom hound barely misses you.
You block the doom hound's attack.
The purple draconian rages.
The moth of wrath goads the golden dragon on!
The golden dragon goes berserk!
The black draconian knight hits you but does no damage.
The doom hound bites you! The doom hound closely misses you.
The Tzitzimitl calls on the powers of darkness!
Your body is wracked with pain!
The quicksilver dragon convulses!
The moth of wrath convulses!
The black draconian knight convulses!
The golden dragon convulses!
The storm dragon convulses!
The black draconian convulses! x2; The moth of wrath convulses!
The purple draconian convulses! x2; The yellow draconian convulses!
The moth of wrath convulses!
The green draconian convulses!
The doom hound closely misses you. The doom hound misses you.
The purple draconian closely misses you.
The doom hound bites you but does no damage.
The doom hound claws you but does no damage.
The golden dragon barely misses you. You block the golden dragon's attack.
The golden dragon tramples you but does no damage.
You fly up through the gate.
Welcome back to the Depths!
There is a gate to the Realm of Zot here.
50180 ||| READING 4 scrolls of teleportation.
As you read the scroll of teleportation, it crumbles to dust.
You feel strangely unstable. The doom hound bites you!!
You die...

##.'..)[.'.##
##..#.....#..##
##..##.....##..## #
##..###########..##
# #..## ##..# #
######'### ###
###'###
###..#..)).# ##.##
#.....#
.....#.....#
##1yD## #.....#
.\...#.....#
#.h@h.# #.....#
.....#.....#
##..h## #.....#
.....#.....# ##.##
#.)[[.#
.....###'### #'#
###[### .....#
#..## #.# #.#
.....#
##[.#####'###
###'### .....#
##..##.....#
#.....# .....#
##..#.....# #.....#
.....# ##[%.....#
#..?..#


You could see 3 doom hounds, a golden dragon (berserk), a Tzitzimitl and a moth
of wrath.

Vanquished Creatures
  2 dread liches (Vaults:5)
  Mara (Shoals:3)
  Saint Roka (Snake:2)
  Xtahua (Depths:4)
  2 golden dragons
  Nikola (Shoals:1)
  the Enchantress (Depths:4)
  3 tentacled monstrosities
  Jorgrun (Snake:3)
  5 liches
  5 titans
  A walking earthen tome (Depths:1)
  2 quicksilver dragons
  6 sphinxes
  A tentacled starspawn (Abyss:3)
  Agnes (Snake:2)
  7 shadow dragons
  6 storm dragons
  4 tengu reavers
  Donald (Shoals:1)
  Roxanne (Snake:2)
  6 nagarajas
  A draconian knight (Depths:4)
  9 fire giants
  A fenstrider witch (shapeshifter) (Vaults:5)
  8 frost giants
  An iron dragon (Vaults:5)
  Aizul (Snake:4)
  2 deep elf sorcerers
  16 vault wardens
  A caustic shrike zombie (Abyss:3)
  A draconian shifter (Depths:4)
  4 imperial myrmidons (Desolation)
  Louise (Depths:4)
  3 orc warlords
  16 ironbound preservers
  7 ironbound thunderhulks
  2 quicksilver oozes (shapeshifter) (Vaults:5)
  3 spriggan defenders (Depths:4)
  4 war gargoyles (Vaults:5)
  26 very ugly things
  3 formless jellyfish
  8 stone giants
  4 vampire knights
  A deep elf demonologist (Vaults:5)
  5 dire elephants
  2 purple draconians (Depths:4)
  2 yellow draconians (Depths:4)
  A halazid warlock (Desolation)
  A deep elf annihilator (Vaults:3)
  2 pale draconians (Depths:4)
  2 white draconians (Depths:4)
  A minotaur (Gauntlet)
  8 spark wasps
  6 merfolk impalers
  3 merfolk javelineers (Shoals:4)
  2 crystal guardians (Desolation)
  11 ettins
  An entropy weaver (Vaults:5)
  4 fire dragons
  2 deep elf high priests
  An entropy weaver (shapeshifter) (D:15)
  14 yaktaur captains
  3 ragged hierophants (Desolation)
  6 great orbs of eyes
  6 ice dragons
  2 quicksilver dragon skeletons
  34 vault guards
  3 servants of whispers (Desolation)
  A hell beast (Depths:1)
  A hydra (Lair:5)
  9 peacekeepers
  3 spriggan air magi (Depths:4)
  A catoblepas (Lair:5)
  9 ironbound frosthearts
  3 rakshasas
  4 salamander tyrants
  4 centaur warriors
  A spriggan skeleton (Abyss:3)
  8 anacondas
  9 death yaks
  An anaconda (shapeshifter) (Vaults:5)
  2 ogre magi
  3 boulder beetles
  5 merfolk avatars
  An alligator snapping turtle (Shoals:4)
  A death knight (D:14)
  A satyr (Shoals:4)
  13 two-headed ogres
  4 deep troll shamans
  9 tengu warriors
  Urug (Orc:2)
  14 naga warriors
  6 deep troll earth magi
  6 shock serpents
  6 spriggan berserkers
  8 hell hogs
  4 thrashing horrors (Abyss:4)
  A titan zombie (D:15)
  3 spriggans
  13 naga sharpshooters
  A soul eater (Depths:1)
  5 sun demons (Depths:1)
  5 hell knights
  4 iron trolls
  7 salamander mystics
  5 skysharks
  3 wretched stars
  A storm dragon skeleton (D:15)
  2 skeletal warriors (D:15)
  A spatial maelstrom (Abyss:3)
  A deep troll (shapeshifter) (Vaults:3)
  15 sea snakes
  46 deep trolls
  2 flayed ghosts
  5 glowing orange brains
  5 phantasmal warriors
  10 harpies (Shoals:4)
  4 necromancers
  5 naga ritualists
  2 deep elf pyromancers
  A steelbarb worm (shapeshifter) (Vaults:5)
  9 wizards
  23 ironbound convokers
  7 lindwurms
  A shadow dragon zombie (D:15)
  5 orc sorcerers
  2 deep elf zephyrmancers (Depths:3)
  9 mana vipers
  19 orc knights
  25 ugly things
  13 manticores
  19 salamanders
  5 cyclopes
  11 elephants (Lair:5)
  2 worldbinders (Abyss:4)
  5 fauns
  22 vault sentinels
  2 human zombies (Vaults:5)
  Maurice (D:8)
  A guardian serpent (Desolation)
  39 black mambas
  Joseph (D:8)
  6 merfolk sirens
  16 naga magi
  2 apocalypse crabs
  5 water nymphs
  6 cane toads
  3 smoke demons
  A kobold demonologist (D:10)
  2 unseen horrors
  An unseen horror (shapeshifter) (Vaults:5)
  3 rime drakes
  An efreet (D:13)
  3 tengu conjurers
  12 komodo dragons
  2 freezing wraiths (D:14)
  40 yaktaurs
  An ancient zyme (Abyss:4)
  5 wind drakes
  15 merfolk
  7 trolls
  33 saltlings (Desolation)
  4 polar bears
  2 hornets
  2 wind drakes (shapeshifter)
  3 raiju (Abyss:3)
  23 blink frogs
  10 snapping turtles
  16 dream sheep
  38 slime creatures
  5 shadows
  A culicivora (Vaults:5)
  5 basilisks
  5 water elementals
  5 wraiths
  21 yaks
  A vampire (D:11)
  2 wyverns
  14 starcursed masses
  4 steam dragons
  A small abomination (Abyss:4)
  A redback (Vaults:5)
  A neqoxec (Gauntlet)
  3 chaos spawn
  53 nagas
  13 wargs
  5 acid dragons
  12 water moccasins
  A floating eye (Depths:2)
  44 orc warriors
  A sky beast (D:7)
  A black bear (Lair:5)
  7 boggarts
  13 ogres
  5 centaurs
  19 wolves
  2 phantoms
  3 kobold brigands
  11 bullfrogs
  3 scorpions
  6 killer bees
  2 electric eels (Snake:1)
  2 hounds
  3 jellies
  A gnoll bouda (D:5)
  10 orc priests
  2 iron imps (Abyss:3)
  2 iguanas
  A hell rat (D:11)
  14 orc wizards
  6 gnolls (D:5)
  12 adders
  A river rat (D:11)
  5 shadow imps
  6 white imps
  3 ufetubi
  4 dart slugs
  A worm (D:3)
  84 orcs
  17 endoplasms
  2 giant cockroaches
  11 goblins
  6 hobgoblins
  3 jackals (D:2)
  6 quokkas
  5 ball pythons
  8 bats
  3 frilled lizards
  17 kobolds
  9 rats
  5 starspawn tentacles (Abyss:3)
1591 creatures vanquished.

Vanquished Creatures (others)
  A deep troll (Vaults:5)
  An orc warrior (Vaults:5)
  An orc priest (Vaults:5)
  An orc wizard (D:8)
  2 orcs
  A starspawn tentacle (Abyss:3)
7 creatures vanquished.

Grand Total: 1598 creatures vanquished

Notes
Turn   | Place    | Note
-------+----------+-------------------------------------------
     0 | D:1      | qw the Gargoyle Fighter began the quest for the Orb.
     0 | D:1      | Reached XP level 1. HP: 14/14 MP: 1/1
     0 | D:1      | 0 ||| qw: Version: 0.3-a-7-g5d187d3
     0 | D:1      | 0 ||| qw: Game counter: 711
     0 | D:1      | 0 ||| qw: Always use a shield: true
     0 | D:1      | 0 ||| qw: God list: Okawaru
     0 | D:1      | 0 ||| qw: Allow faded altars: false
     0 | D:1      | 0 ||| qw: Do Orc after D:15 true
     0 | D:1      | 0 ||| qw: Do second Lair branch before Depths: true
     0 | D:1      | 0 ||| qw: Lair rune preference: random
     0 | D:1      | 0 ||| qw: Plans: Normal, Zot:1-4, Slime:5, God:TSO, Crypt,
                  | Tomb, Abyss, Pan, Hells, Win
     0 | D:1      | 0 ||| PLANNING D:1-11
    46 | D:1      | 46 ||| Stepping ~*~*~tactically~*~*~ (stealth).
   134 | D:1      | Reached XP level 2. HP: 16/19 MP: 2/2
   276 | D:1      | Reached skill level 3 in Axes
   304 | D:1      | Reached XP level 3. HP: 22/23 MP: 3/3
   365 | D:1      | 365 ||| DROPPING +0 whip.
   624 | D:1      | 624 ||| UPGRADING to +0 chain mail.
   634 | D:1      | 634 ||| DROPPING +0 scale mail.
   635 | D:1      | 635 ||| UPGRADING to ring of see invisible.
   636 | D:1      | 636 ||| READING 3 scrolls labelled VYLILY VINTYWE.
   637 | D:1      | 637 ||| READING scroll labelled JOJUBO LOBLE.
   638 | D:1      | 638 ||| READING scroll labelled QEF TYJIKELL.
   639 | D:1      | 639 ||| READING 2 scrolls labelled TUWAKI WIT DOST.
   640 | D:1      | 640 ||| DROPPING scroll of summoning.
   694 | D:2      | Found a faded altar of an unknown god.
  1094 | D:2      | Reached XP level 4. HP: 28/28 MP: 4/4
  1207 | D:2      | 1207 ||| UPGRADING to +0 helmet.
  1212 | D:2      | 1212 ||| UPGRADING to amulet of the acrobat.
  1217 | D:2      | 1217 ||| UPGRADING to +4 ring of slaying {mikee}.
  1218 | D:2      | 1218 ||| READING scroll labelled MIGRUGR MIEN.
  1219 | D:2      | 1219 ||| READING 4 scrolls of identify.
  1219 | D:2      | 1219 ||| IDENTIFYING yellow potion
  1271 | D:3      | 1271 ||| DROPPING +0 mace.
  1272 | D:3      | Found an iron altar of Okawaru.
  1274 | D:3      | 1274 ||| PLANNING OKAWARU WORSHIP
  1274 | D:3      | 1274 ||| READING scroll labelled ELI DEMERU.
  1275 | D:3      | 1275 ||| READING 3 scrolls of identify.
  1275 | D:3      | 1275 ||| IDENTIFYING viscous puce potion
  1290 | D:3      | Became a worshipper of Warmaster Okawaru
  1291 | D:3      | 1291 ||| PLANNING D:1-11
  1356 | D:3      | Found a blossoming altar of Fedhas.
  1627 | D:3      | 1627 ||| UPGRADING to amulet of reflection.
  1637 | D:3      | 1637 ||| DROPPING amulet of the acrobat.
  1638 | D:3      | 1638 ||| READING scroll labelled ECHAOX FIWKAJ.
  1639 | D:3      | 1639 ||| READING scroll labelled TAUS SEFRACVU.
  1640 | D:3      | 1640 ||| READING 2 scrolls of identify.
  1640 | D:3      | 1640 ||| IDENTIFYING purple potion
  1641 | D:3      | 1641 ||| DROPPING potion of brilliance.
  1781 | D:3      | 1781 ||| Stepping ~*~*~tactically~*~*~ (stealth).
  1814 | D:3      | 1814 ||| Stepping ~*~*~tactically~*~*~ (stealth).
  1819 | D:3      | Reached XP level 5. HP: 32/32 MP: 5/5
  1820 | D:3      | 1820 ||| Stepping ~*~*~tactically~*~*~ (stealth).
  2009 | D:3      | 2009 ||| READING 3 scrolls of identify.
  2009 | D:3      | 2009 ||| IDENTIFYING fuming ruby potion
  2010 | D:3      | 2010 ||| READING 2 scrolls of identify.
  2010 | D:3      | 2010 ||| IDENTIFYING lumpy green potion
  2151 | D:4      | 2151 ||| FLEEEEING.
  2372 | D:4      | 2372 ||| Stepping ~*~*~tactically~*~*~ (hiding).
  2383 | D:4      | 2383 ||| Stepping ~*~*~tactically~*~*~ (hiding).
  2384 | D:4      | 2384 ||| Stepping ~*~*~tactically~*~*~ (hiding).
  2419 | D:4      | 2419 ||| Stepping ~*~*~tactically~*~*~ (stealth).
  2571 | D:4      | Reached XP level 6. HP: 33/38 MP: 6/6
  2925 | D:4      | 2925 ||| READING scroll labelled CICOSM ZISMUCI.
  3026 | D:4      | 3026 ||| READING 2 scrolls labelled YRRIOSK ULEQ.
  3027 | D:4      | 3027 ||| READING 2 scrolls of identify.
  3027 | D:4      | 3027 ||| IDENTIFYING lumpy coppery potion
  3028 | D:4      | 3028 ||| DROPPING scroll of noise.
  3042 | D:5      | Entered Level 5 of the Dungeon
  3049 | D:5      | Reached * piety under Okawaru
  3054 | D:5      | Reached skill level 1 in Invocations
  3093 | D:5      | Found a broken altar of Ashenzari.
  3132 | D:5      | 3132 ||| INVOKING Heroism.
  3145 | D:5      | Reached XP level 7. HP: 38/43 MP: 6/8
  3173 | D:5      | 3173 ||| READING scroll of enchant weapon.
  3173 | D:5      | 3173 ||| ENCHANTING +1 war axe.
  3184 | D:5      | Noticed a troll
  3185 | D:5      | 3185 ||| INVOKING Heroism.
  3199 | D:5      | Killed a troll
  3200 | D:5      | Reached skill level 6 in Axes
  3200 | D:5      | Reached skill level 3 in Invocations
  3205 | D:5      | 3205 ||| INVOKING Heroism.
  3350 | D:5      | Reached skill level 1 in Dodging
  3616 | D:5      | 3616 ||| FLEEEEING.
  3617 | D:5      | 3617 ||| FLEEEEING.
  3618 | D:5      | 3618 ||| FLEEEEING.
  3619 | D:5      | 3619 ||| FLEEEEING.
  3620 | D:5      | 3620 ||| FLEEEEING.
  3621 | D:5      | 3621 ||| FLEEEEING.
  3622 | D:5      | 3622 ||| FLEEEEING.
  3623 | D:5      | 3623 ||| FLEEEEING.
  3624 | D:5      | 3624 ||| FLEEEEING.
  3625 | D:5      | 3625 ||| FLEEEEING.
  3626 | D:5      | 3626 ||| FLEEEEING.
  3844 | D:5      | 3844 ||| UPGRADING to +0 plate armour.
  3854 | D:5      | 3854 ||| DROPPING +0 chain mail.
  3855 | D:5      | 3855 ||| DROPPING amulet of guardian spirit.
  3856 | D:5      | 3856 ||| READING 3 scrolls labelled OROALI NOLI.
  3860 | D:5      | 3860 ||| READING scroll labelled LICKOIFRUD.
  3892 | D:5      | 3892 ||| READING 3 scrolls of identify.
  3892 | D:5      | 3892 ||| IDENTIFYING fizzy brown potion
  3972 | D:6      | 3972 ||| INVOKING Heroism.
  3979 | D:6      | Reached XP level 8. HP: 43/48 MP: 8/11
  4003 | D:6      | 4003 ||| Stepping ~*~*~tactically~*~*~ (hiding).
  4017 | D:6      | Reached skill level 4 in Armour
  4020 | D:6      | 4020 ||| FLEEEEING.
  4021 | D:6      | 4021 ||| FLEEEEING.
  4022 | D:6      | 4022 ||| FLEEEEING.
  4023 | D:6      | 4023 ||| FLEEEEING.
  4024 | D:6      | 4024 ||| FLEEEEING.
  4025 | D:6      | 4025 ||| FLEEEEING.
  4026 | D:6      | 4026 ||| STAIRDANCE
  4046 | D:6      | 4046 ||| STAIRDANCE
  4048 | D:5      | 4048 ||| INVOKING Heroism.
  4151 | D:6      | Found Terua's Assorted Antiques.
  4158 | D:6      | 4158 ||| SHOPLISTING encrusted war axe (238 gold, have
                  | 214).
  4158 | D:6      | 4158 ||| BUYING potion of might (112 gold).
  4158 | D:6      | Bought a potion of might for 112 gold pieces
  4158 | D:6      | 4158 ||| SHOPLISTING runed morningstar (196 gold, have
                  | 102).
  4162 | D:6      | 4162 ||| INVOKING Heroism.
  4166 | D:6      | Reached skill level 1 in Throwing
  4540 | D:6      | 4540 ||| DROPPING ring of wizardry.
  4567 | D:7      | 4567 ||| READING 2 scrolls of enchant weapon.
  4567 | D:7      | 4567 ||| ENCHANTING +2 war axe.
  4568 | D:7      | 4568 ||| READING scroll of enchant weapon.
  4568 | D:7      | 4568 ||| ENCHANTING +3 war axe.
  4676 | D:7      | Found a staircase to the Ecumenical Temple.
  4799 | D:7      | 4799 ||| Stepping ~*~*~tactically~*~*~ (hiding).
  4914 | D:7      | 4914 ||| INVOKING Heroism.
  5041 | D:7      | Found a flagged portal.
  5397 | D:7      | Noticed a komodo dragon
  5398 | D:7      | 5398 ||| INVOKING Heroism.
  5404 | D:7      | Killed a komodo dragon
  5404 | D:7      | Reached ** piety under Okawaru
  5405 | D:7      | Reached XP level 9. HP: 29/54 MP: 9/12
  5646 | D:7      | 5646 ||| Stepping ~*~*~tactically~*~*~ (stealth).
  5648 | D:7      | 5648 ||| Stepping ~*~*~tactically~*~*~ (hiding).
  5657 | D:7      | 5657 ||| Stepping ~*~*~tactically~*~*~ (hiding).
  5831 | D:8      | 5831 ||| Stepping ~*~*~tactically~*~*~ (stealth).
  5833 | D:8      | 5833 ||| Stepping ~*~*~tactically~*~*~ (stealth).
  5841 | D:8      | Reached skill level 6 in Fighting
  5867 | D:8      | Identified the +2 dagger of the Last Visions {antimagic,
                  | Int+2}
  5903 | D:8      | Noticed Joseph
  5922 | D:8      | 5922 ||| INVOKING Heroism.
  5923 | D:8      | Killed Joseph
  5924 | D:8      | Reached skill level 6 in Armour
  6027 | D:8      | Noticed Maurice
  6031 | D:8      | Paralysed by Maurice for 5 turns
  6041 | D:8      | Paralysed by Maurice for 5 turns
  6046 | D:8      | Killed Maurice
  6046 | D:8      | Reached *** piety under Okawaru
  6047 | D:8      | Reached skill level 3 in Throwing
  6219 | D:8      | You fall into a shaft and drop 3 floors!
  6244 | D:11     | Noticed a green ugly thing
  6244 | D:11     | Noticed a manticore
  6245 | D:11     | 6245 ||| INVOKING Heroism.
  6247 | D:11     | Reached skill level 9 in Axes
  6248 | D:11     | Noticed a cyclops
  6252 | D:11     | Killed a green ugly thing
  6253 | D:11     | Reached XP level 10. HP: 45/60 MP: 11/13
  6254 | D:11     | Noticed a two-headed ogre
  6257 | D:11     | Killed a cyclops
  6260 | D:11     | Killed a manticore
  6260 | D:11     | Reached **** piety under Okawaru
  6263 | D:11     | HP: 10/63 [two-headed ogre/+0 giant club (17)]
  6264 | D:11     | 6264 ||| READING 4 scrolls of teleportation.
  6265 | D:11     | 6265 ||| DRINKING potion of heal wounds.
  6267 | D:11     | Noticed a two-headed ogre
  6273 | D:11     | HP: 9/63 [two-headed ogre/+0 giant club (11)]
  6274 | D:11     | 6274 ||| READING 3 scrolls of teleportation.
  6276 | D:11     | 6276 ||| INVOKING Heroism.
  6278 | D:11     | 6278 ||| FLEEEEING.
  6279 | D:11     | 6279 ||| STAIRDANCE
  6280 | D:10     | Entered Level 10 of the Dungeon
  6281 | D:10     | 6281 ||| READING 2 scrolls of teleportation.
  6286 | D:10     | Found a stormy altar of Qazlal.
  6455 | D:10     | 6455 ||| Stepping ~*~*~tactically~*~*~ (stealth).
  6488 | D:10     | 6488 ||| UPGRADING to +1 cloak.
  6493 | D:10     | 6493 ||| READING 4 scrolls of identify.
  6493 | D:10     | 6493 ||| IDENTIFYING fizzy blue potion
  6494 | D:10     | 6494 ||| DROPPING potion of degeneration.
  6506 | D:9      | 6506 ||| INVOKING Heroism.
  6527 | D:9      | 6527 ||| Stepping ~*~*~tactically~*~*~ (stealth).
  6534 | D:9      | 6534 ||| Stepping ~*~*~tactically~*~*~ (stealth).
  6535 | D:9      | 6535 ||| Stepping ~*~*~tactically~*~*~ (stealth).
  6618 | D:9      | 6618 ||| INVOKING Heroism.
  6650 | D:9      | 6650 ||| DROPPING +2 mace of holy wrath.
  6651 | D:9      | 6651 ||| DROPPING +0 flail.
  6720 | D:9      | Found a transporter.
  6721 | D:9      | Found a transporter.
  6722 | D:9      | Noticed a boulder beetle
  6866 | D:8      | Found a burning altar of Makhleb.
  6983 | D:8      | 6983 ||| Stepping ~*~*~tactically~*~*~ (stealth).
  7002 | D:8      | Found an opulent altar of Gozag.
  7003 | D:8      | Found an ancient bone altar of Kikubaaqudgha.
  7004 | D:8      | Found a glowing golden altar of the Shining One.
  7005 | D:8      | Found a shadowy altar of Dithmenos.
  7020 | D:8      | 7020 ||| DRINKING 2 dark potions.
  7021 | D:8      | 7021 ||| DRINKING 5 potions of curing.
  7021 | D:8      | 7021 ||| (to cure confusion)
  7022 | D:8      | 7022 ||| DROPPING potion of ambrosia.
  7404 | D:9      | 7404 ||| UPGRADING to +5 ring of evasion.
  7406 | D:9      | 7406 ||| DROPPING ring of willpower.
  7407 | D:9      | 7407 ||| DROPPING ring of see invisible.
  7408 | D:9      | 7408 ||| READING 3 scrolls of identify.
  7408 | D:9      | 7408 ||| IDENTIFYING cyan potion
  7434 | D:10     | 7434 ||| STAIRDANCE
  7493 | D:10     | Noticed a two-headed ogre
  7494 | D:10     | 7494 ||| INVOKING Heroism.
  7502 | D:10     | Killed a two-headed ogre
  7503 | D:10     | Reached skill level 6 in Invocations
  7563 | D:10     | 7563 ||| READING scroll of enchant weapon.
  7563 | D:10     | 7563 ||| ENCHANTING +4 war axe.
  7667 | D:10     | Noticed a two-headed ogre
  7668 | D:10     | 7668 ||| INVOKING Heroism.
  7676 | D:10     | Killed a two-headed ogre
  7677 | D:10     | Reached skill level 7 in Armour
  7677 | D:10     | Reached XP level 11. HP: 68/68 MP: 13/15
  7721 | D:10     | 7721 ||| INVOKING Heroism.
  7774 | D:10     | 7774 ||| Stepping ~*~*~tactically~*~*~ (hiding).
  7839 | D:10     | Noticed a two-headed ogre
  7840 | D:10     | 7840 ||| INVOKING Heroism.
  7846 | D:10     | Noticed a two-headed ogre
  7848 | D:10     | Killed a two-headed ogre
  7860 | D:10     | Killed a two-headed ogre
  7860 | D:10     | Received a gift from Okawaru
  8120 | D:10     | 8120 ||| DROPPING +1 cloak.
  8121 | D:10     | 8121 ||| DROPPING ring of flight.
  8122 | D:10     | 8122 ||| READING scroll labelled IPNUKHL JOEQU.
  8123 | D:10     | 8123 ||| READING scroll labelled CAEDUI PIXEL.
  8213 | D:11     | 8213 ||| FLEEEEING.
  8214 | D:11     | 8214 ||| FLEEEEING.
  8215 | D:11     | 8215 ||| FLEEEEING.
  8219 | D:11     | 8219 ||| FLEEEEING.
  8220 | D:11     | 8220 ||| FLEEEEING.
  8221 | D:11     | 8221 ||| FLEEEEING.
  8222 | D:11     | 8222 ||| FLEEEEING.
  8223 | D:11     | 8223 ||| FLEEEEING.
  8224 | D:11     | 8224 ||| FLEEEEING.
  8225 | D:11     | 8225 ||| FLEEEEING.
  8226 | D:11     | 8226 ||| FLEEEEING.
  8232 | D:11     | 8232 ||| Stepping ~*~*~tactically~*~*~ (hiding).
  8355 | D:11     | Found a portal to a secret trove of treasure.
  8413 | D:11     | Found a staircase to the Lair.
  8414 | D:11     | Noticed a death yak
  8415 | D:11     | 8415 ||| INVOKING Heroism.
  8415 | D:11     | Noticed a death yak
  8415 | D:11     | Noticed a death yak
  8423 | D:11     | Killed a death yak
  8431 | D:11     | Killed a death yak
  8431 | D:11     | Reached ***** piety under Okawaru
  8432 | D:11     | 8432 ||| INVOKING Finesse.
  8442 | D:11     | Killed a death yak
  8449 | D:11     | Reached skill level 9 in Invocations
  8567 | D:11     | 8567 ||| INVOKING Heroism.
  8575 | D:11     | Killed a two-headed ogre
  8578 | D:11     | Killed a two-headed ogre
  8647 | D:11     | 8647 ||| FLEEEEING.
  8798 | D:11     | 8798 ||| INVOKING Heroism.
  9065 | D:11     | 9065 ||| PLANNING LAIR
  9065 | D:11     | 9065 ||| UPGRADING to +0 plate armour of cold resistance.
  9075 | D:11     | 9075 ||| DROPPING +0 plate armour.
  9076 | D:11     | 9076 ||| READING 5 scrolls of identify.
  9076 | D:11     | 9076 ||| IDENTIFYING metallic yellow potion
  9102 | Lair:1   | Entered Level 1 of the Lair of Beasts
  9103 | Lair:1   | 9103 ||| INVOKING Heroism.
  9112 | Lair:1   | Reached XP level 12. HP: 75/75 MP: 17/19
  9113 | Lair:1   | Reached skill level 9 in Fighting
  9150 | Lair:1   | 9150 ||| INVOKING Heroism.
  9158 | Lair:1   | Reached skill level 8 in Armour
  9171 | Lair:1   | 9171 ||| Stepping ~*~*~tactically~*~*~ (hiding).
  9353 | Lair:1   | 9353 ||| INVOKING Heroism.
  9490 | Lair:1   | 9490 ||| INVOKING Heroism.
  9492 | Lair:1   | 9492 ||| Stepping ~*~*~tactically~*~*~ (stealth).
  9513 | Lair:1   | Received a gift from Okawaru
  9557 | Lair:1   | 9557 ||| READING scroll of enchant weapon.
  9557 | Lair:1   | 9557 ||| ENCHANTING +5 war axe of protection.
  9577 | Lair:1   | 9577 ||| INVOKING Heroism.
  9588 | Lair:1   | Reached skill level 12 in Axes
  9725 | Lair:1   | Received a gift from Okawaru
  9774 | Lair:1   | Reached skill level 6 in Shields
  9913 | Lair:1   | 9913 ||| INVOKING Heroism.
 10073 | Lair:2   | 10073 ||| Stepping ~*~*~tactically~*~*~ (stealth).
 10074 | Lair:2   | 10074 ||| Stepping ~*~*~tactically~*~*~ (stealth).
 10075 | Lair:2   | 10075 ||| Stepping ~*~*~tactically~*~*~ (stealth).
 10768 | Lair:2   | 10768 ||| Stepping ~*~*~tactically~*~*~ (stealth).
 10769 | Lair:2   | 10769 ||| Stepping ~*~*~tactically~*~*~ (stealth).
 10781 | Lair:2   | 10781 ||| Stepping ~*~*~tactically~*~*~ (stealth).
 10784 | Lair:2   | 10784 ||| Stepping ~*~*~tactically~*~*~ (stealth).
 10791 | Lair:2   | 10791 ||| Stepping ~*~*~tactically~*~*~ (stealth).
 10818 | Lair:2   | 10818 ||| Stepping ~*~*~tactically~*~*~ (hiding).
 10827 | Lair:2   | 10827 ||| INVOKING Heroism.
 10947 | Lair:2   | Found a staircase to the Snake Pit.
 11027 | Lair:3   | 11027 ||| PLANNING GAUNTLET
 11070 | Lair:3   | 11070 ||| INVOKING Heroism.
 11118 | Lair:3   | Found a gate leading to a gauntlet.
 11119 | Lair:3   | 11119 ||| DROPPING +6 ring of dexterity.
 11128 | Gauntlet | Entered a Gauntlet
 11128 | Gauntlet | Found a transporter.
 11128 | Gauntlet | Found a transporter.
 11138 | Gauntlet | Found a transporter.
 11141 | Gauntlet | Found a transporter.
 11145 | Gauntlet | Found a runed translucent door.
 11145 | Gauntlet | Found a runed translucent door.
 11149 | Gauntlet | Found a transporter.
 11152 | Gauntlet | Found a transporter.
 11157 | Gauntlet | Noticed a great orb of eyes
 11160 | Gauntlet | Found a transporter.
 11178 | Gauntlet | Found a transporter.
 11184 | Gauntlet | Found a transporter.
 11186 | Gauntlet | Found a transporter.
 11197 | Gauntlet | Found a transporter.
 11199 | Gauntlet | Found a transporter.
 11206 | Gauntlet | Noticed a death scarab
 11316 | Gauntlet | 11316 ||| INVOKING Heroism.
 11318 | Gauntlet | Reached skill level 9 in Armour
 11476 | Gauntlet | 11476 ||| READING scroll labelled ZUYFYT SYOVEST.
 11503 | Gauntlet | Identified the +6 broad axe "Inecweev" {elec, rC+ Dex+3}
                  | (Okawaru gifted it to you in a Gauntlet)
 11503 | Gauntlet | Received a gift from Okawaru
 11505 | Gauntlet | 11505 ||| SWAPPING to +6 broad axe "Inecweev" {elec, rC+
                  | Dex+3}.
 11521 | Gauntlet | 11521 ||| UPGRADING to +2 pair of boots of rampaging.
 11534 | Gauntlet | 11534 ||| DRINKING 5 potions of curing.
 11534 | Gauntlet | 11534 ||| (to cure confusion)
 11536 | Gauntlet | Killed a great orb of eyes
 11545 | Gauntlet | Identified the -2 cloak "Rayronn" {rElec rPois Will+++
                  | Str-2}
 11551 | Gauntlet | 11551 ||| UPGRADING to -2 cloak "Rayronn" {rElec rPois
                  | Will+++ Str-2}.
 11561 | Gauntlet | 11561 ||| READING 2 scrolls labelled UMYUCE QYIBEBY.
 11562 | Gauntlet | 11562 ||| READING scroll of enchant armour.
 11562 | Gauntlet | 11562 ||| ENCHANTING +0 helmet.
 11637 | Gauntlet | Noticed a minotaur
 11638 | Gauntlet | 11638 ||| INVOKING Heroism.
 11639 | Gauntlet | 11639 ||| INVOKING Finesse.
 11646 | Gauntlet | Killed a minotaur
 11723 | Gauntlet | 11723 ||| DROPPING +1 hat.
 11724 | Gauntlet | 11724 ||| UPGRADING to +1 pair of gloves.
 11729 | Gauntlet | 11729 ||| DROPPING +0 chain mail of cold resistance.
 11750 | Lair:3   | 11750 ||| PLANNING LAIR
 11769 | Lair:3   | 11769 ||| READING scroll of enchant armour.
 11769 | Lair:3   | 11769 ||| ENCHANTING +1 pair of gloves.
 11780 | Lair:3   | 11780 ||| Stepping ~*~*~tactically~*~*~ (hiding).
 11788 | Lair:3   | Reached XP level 13. HP: 78/82 MP: 20/20
 11917 | Lair:3   | 11917 ||| INVOKING Heroism.
 11933 | Lair:3   | Found a staircase to the Shoals.
 11954 | Lair:3   | Reached skill level 10 in Armour
 12003 | Lair:3   | 12003 ||| INVOKING Heroism.
 12147 | Lair:3   | 12147 ||| INVOKING Heroism.
 12180 | Lair:3   | 12180 ||| INVOKING Heroism.
 12219 | Lair:3   | 12219 ||| Stepping ~*~*~tactically~*~*~ (hiding).
 12220 | Lair:3   | 12220 ||| Stepping ~*~*~tactically~*~*~ (hiding).
 12431 | Lair:3   | 12431 ||| INVOKING Heroism.
 12663 | Lair:3   | 12663 ||| DROPPING amulet of magic regeneration.
 12675 | Lair:4   | 12675 ||| Stepping ~*~*~tactically~*~*~ (stealth).
 12686 | Lair:4   | 12686 ||| INVOKING Heroism.
 12802 | Lair:4   | 12802 ||| INVOKING Heroism.
 12821 | Lair:4   | Found a burning altar of Makhleb.
 12845 | Lair:4   | 12845 ||| INVOKING Heroism.
 13007 | Lair:4   | Received a gift from Okawaru
 13185 | Lair:4   | Found a viscous altar of Jiyva.
 13185 | Lair:4   | Found a staircase to the Slime Pits.
 13377 | Lair:5   | Entered Level 5 of the Lair of Beasts
 13378 | Lair:5   | 13378 ||| INVOKING Heroism.
 13379 | Lair:5   | 13379 ||| INVOKING Finesse.
 13384 | Lair:5   | Reached skill level 3 in Dodging
 13392 | Lair:5   | 13392 ||| SWAPPING to +0 morningstar.
 13406 | Lair:5   | 13406 ||| SWAPPING to +6 broad axe "Inecweev" {elec, rC+
                  | Dex+3}.
 13413 | Lair:5   | Identified the +7 crystal plate armour of Okawaru, Grinning
                  | {Stlth+} (Okawaru gifted it to you on level 5 of the Lair
                  | of Beasts)
 13413 | Lair:5   | Received a gift from Okawaru
 13479 | Lair:5   | 13479 ||| INVOKING Heroism.
 13531 | Lair:5   | 13531 ||| INVOKING Heroism.
 13532 | Lair:5   | 13532 ||| INVOKING Finesse.
 13610 | Lair:5   | 13610 ||| INVOKING Heroism.
 13643 | Lair:5   | 13643 ||| INVOKING Finesse.
 13645 | Lair:5   | 13645 ||| Stepping ~*~*~tactically~*~*~ (hiding).
 13649 | Lair:5   | 13649 ||| INVOKING Heroism.
 13653 | Lair:5   | Gained mutation: Your large and strong wings let you fly.
                  | [Gargoyle growth]
 13653 | Lair:5   | Reached XP level 14. HP: 90/90 MP: 14/21
 13659 | Lair:5   | Reached skill level 11 in Armour
 13683 | Lair:5   | 13683 ||| Stepping ~*~*~tactically~*~*~ (stealth).
 13686 | Lair:5   | 13686 ||| Stepping ~*~*~tactically~*~*~ (stealth).
 13708 | Lair:5   | 13708 ||| Stepping ~*~*~tactically~*~*~ (stealth).
 13709 | Lair:5   | 13709 ||| Stepping ~*~*~tactically~*~*~ (stealth).
 13729 | Lair:5   | 13729 ||| Stepping ~*~*~tactically~*~*~ (stealth).
 13730 | Lair:5   | 13730 ||| Stepping ~*~*~tactically~*~*~ (stealth).
 13735 | Lair:5   | 13735 ||| INVOKING Heroism.
 13741 | Lair:5   | Noticed a dire elephant
 13742 | Lair:5   | 13742 ||| INVOKING Finesse.
 13766 | Lair:5   | Killed a dire elephant
 13832 | Lair:5   | 13832 ||| Stepping ~*~*~tactically~*~*~ (stealth).
 13841 | Lair:5   | 13841 ||| INVOKING Heroism.
 13858 | Lair:5   | 13858 ||| Stepping ~*~*~tactically~*~*~ (stealth).
 13874 | Lair:5   | Identified the +4 scimitar "Bung" {heavy, rC+ rN+}
 13895 | Lair:5   | 13895 ||| Stepping ~*~*~tactically~*~*~ (stealth).
 13937 | Lair:5   | 13937 ||| INVOKING Heroism.
 13963 | Lair:5   | 13963 ||| Stepping ~*~*~tactically~*~*~ (stealth).
 13965 | Lair:5   | 13965 ||| SWAPPING to +0 morningstar.
 13973 | Lair:5   | 13973 ||| SWAPPING to +6 broad axe "Inecweev" {elec, rC+
                  | Dex+3}.
 14036 | Lair:5   | Reached skill level 15 in Axes
 14148 | Lair:5   | Found a frozen archway.
 14225 | Lair:5   | Found a large runed translucent door.
 14227 | Lair:5   | Found a large runed translucent door.
 14231 | Lair:5   | Noticed qw's ghost (journeyman GrFi)
 14471 | Lair:5   | 14471 ||| INVOKING Heroism.
 14619 | Lair:5   | 14619 ||| Stepping ~*~*~tactically~*~*~ (stealth).
 14637 | Lair:5   | Received a gift from Okawaru
 14882 | Lair:5   | 14882 ||| UPGRADING to +7 crystal plate armour of Okawaru,
                  | Grinning {Stlth+}.
 14892 | Lair:5   | 14892 ||| PLANNING D
 14892 | Lair:5   | 14892 ||| DROPPING +0 plate armour of cold resistance.
 14893 | Lair:5   | 14893 ||| DROPPING ring of positive energy.
 14894 | Lair:5   | 14894 ||| READING scroll labelled WIOTHE LOOH.
 15108 | D:12     | Found a runed translucent gate.
 15108 | D:12     | Found a runed translucent gate.
 15108 | D:12     | Found a runed translucent gate.
 15110 | D:12     | Found an opulent altar of Gozag.
 15112 | D:12     | Noticed a fire giant
 15112 | D:12     | Noticed qw's ghost (journeyman GrFi)
 15114 | D:12     | Found Tevo's Assorted Antiques.
 15350 | D:12     | 15350 ||| INVOKING Heroism.
 15414 | D:12     | Found a staircase to the Orcish Mines.
 15423 | D:12     | Identified the +4 kite shield of the Bard {rN+ Dex+3 SInv}
 15833 | D:12     | 15833 ||| UPGRADING to +4 kite shield of the Bard {rN+
                  | Dex+3 SInv}.
 15843 | D:12     | 15843 ||| DROPPING +0 buckler.
 15860 | D:13     | Noticed a stone giant
 15861 | D:13     | Noticed qw's ghost (journeyman GrFi)
 15864 | D:13     | Found a bloodstained altar of Trog.
 15961 | D:13     | 15961 ||| Stepping ~*~*~tactically~*~*~ (hiding).
 15970 | D:13     | Received a gift from Okawaru
 15981 | D:13     | 15981 ||| Stepping ~*~*~tactically~*~*~ (stealth).
 16012 | D:13     | 16012 ||| Stepping ~*~*~tactically~*~*~ (stealth).
 16014 | D:13     | 16014 ||| INVOKING Heroism.
 16020 | D:13     | 16020 ||| READING 5 scrolls of teleportation.
 16103 | D:13     | 16103 ||| Stepping ~*~*~tactically~*~*~ (hiding).
 16243 | D:13     | 16243 ||| Stepping ~*~*~tactically~*~*~ (stealth).
 16339 | D:13     | Identified the ring "Muveamn" {rElec Will+ MP+9}
 16345 | D:13     | Found a transporter.
 16352 | D:13     | Found a transporter.
 16353 | D:13     | 16353 ||| Stepping ~*~*~tactically~*~*~ (hiding).
 16358 | D:13     | 16358 ||| Stepping ~*~*~tactically~*~*~ (hiding).
 16647 | D:14     | 16647 ||| Stepping ~*~*~tactically~*~*~ (hiding).
 16649 | D:14     | 16649 ||| Stepping ~*~*~tactically~*~*~ (hiding).
 16650 | D:14     | 16650 ||| Stepping ~*~*~tactically~*~*~ (hiding).
 16665 | D:14     | Reached skill level 9 in Shields
 16671 | D:14     | Received a gift from Okawaru
 16675 | D:14     | 16675 ||| INVOKING Heroism.
 16684 | D:14     | Reached skill level 12 in Armour
 16823 | D:14     | 16823 ||| DROPPING +6 war axe of protection.
 16827 | D:14     | Found a gate to the Vaults.
 16843 | D:14     | Received a gift from Okawaru
 16926 | D:14     | 16926 ||| Stepping ~*~*~tactically~*~*~ (hiding).
 16927 | D:14     | 16927 ||| Stepping ~*~*~tactically~*~*~ (hiding).
 16936 | D:14     | Reached XP level 15. HP: 96/96 MP: 22/22
 17069 | D:14     | 17069 ||| Stepping ~*~*~tactically~*~*~ (hiding).
 17454 | D:14     | 17454 ||| INVOKING Heroism.
 17463 | D:14     | HP: 19/96 [mirror damage (12)]
 17464 | D:14     | 17464 ||| READING 4 scrolls of teleportation.
 17465 | D:14     | 17465 ||| DRINKING potion of heal wounds.
 17576 | D:14     | 17576 ||| Stepping ~*~*~tactically~*~*~ (stealth).
 17578 | D:14     | 17578 ||| Stepping ~*~*~tactically~*~*~ (stealth).
 17583 | D:14     | 17583 ||| Stepping ~*~*~tactically~*~*~ (hiding).
 17585 | D:14     | 17585 ||| Stepping ~*~*~tactically~*~*~ (hiding).
 17692 | D:14     | Identified the +0 helmet of Tiren {Str+3 Int+3 Slay-5}
                  | (Okawaru gifted it to you on level 14 of the Dungeon)
 17692 | D:14     | Received a gift from Okawaru
 17901 | D:14     | 17901 ||| DROPPING +0 helmet of Tiren {Str+3 Int+3 Slay-5}.
 17902 | D:14     | 17902 ||| UPGRADING to +0 tower shield.
 17912 | D:14     | 17912 ||| DROPPING +4 kite shield of the Bard {rN+ Dex+3
                  | SInv}.
 17933 | D:15     | Entered Level 15 of the Dungeon
 17994 | D:15     | 17994 ||| INVOKING Heroism.
 18033 | D:15     | Identified the +0 leather armour of Midwinter {rPois
                  | Will+++ Str+2 Int-3}
 18080 | D:15     | Reached skill level 12 in Shields
 18362 | D:15     | 18362 ||| INVOKING Heroism.
 18426 | D:15     | Found a staircase to the Depths.
 18437 | D:15     | 18437 ||| INVOKING Heroism.
 18763 | D:15     | 18763 ||| PLANNING ORC
 18861 | Orc:1    | Entered Level 1 of the Orcish Mines
 18871 | Orc:1    | 18871 ||| INVOKING Heroism.
 18969 | Orc:1    | 18969 ||| FLEEEEING.
 18970 | Orc:1    | 18970 ||| FLEEEEING.
 18971 | Orc:1    | 18971 ||| FLEEEEING.
 18972 | Orc:1    | 18972 ||| FLEEEEING.
 18973 | Orc:1    | 18973 ||| STAIRDANCE
 19179 | Orc:1    | 19179 ||| READING scroll of enchant armour.
 19179 | Orc:1    | 19179 ||| ENCHANTING +1 helmet.
 19186 | Orc:1    | 19186 ||| INVOKING Heroism.
 19274 | Orc:1    | 19274 ||| Stepping ~*~*~tactically~*~*~ (stealth).
 19276 | Orc:1    | 19276 ||| Stepping ~*~*~tactically~*~*~ (hiding).
 19427 | Orc:1    | Found Ririoc's Weapon Emporium.
 19447 | Orc:1    | Found a runed translucent gate.
 19457 | Orc:1    | Found a runed translucent gate.
 19459 | Orc:1    | Found a runed translucent gate.
 19732 | Orc:1    | Noticed Segg's ghost (adept GnSk)
 19823 | Orc:1    | Found an iron altar of Okawaru.
 20383 | Orc:2    | Entered Level 2 of the Orcish Mines
 20384 | Orc:2    | 20384 ||| INVOKING Heroism.
 20450 | Orc:2    | Noticed an orc warlord
 20451 | Orc:2    | 20451 ||| INVOKING Heroism.
 20461 | Orc:2    | Killed an orc warlord
 20474 | Orc:2    | Found Dabbaath's Armour Emporium.
 20497 | Orc:2    | 20497 ||| Stepping ~*~*~tactically~*~*~ (stealth).
 20498 | Orc:2    | 20498 ||| Stepping ~*~*~tactically~*~*~ (stealth).
 20499 | Orc:2    | 20499 ||| Stepping ~*~*~tactically~*~*~ (stealth).
 20502 | Orc:2    | Found a staircase to the Elven Halls.
 20611 | Orc:2    | 20611 ||| INVOKING Heroism.
 20651 | Orc:2    | 20651 ||| Stepping ~*~*~tactically~*~*~ (hiding).
 20748 | Orc:2    | Found Urchowimi's Assorted Antiques.
 20762 | Orc:2    | Found Udig's General Store.
 20765 | Orc:2    | Found Izis's Armour Shop.
 20773 | Orc:2    | 20773 ||| BUYING potion of curing (42 gold).
 20773 | Orc:2    | Bought a potion of curing for 42 gold pieces
 20773 | Orc:2    | 20773 ||| BUYING scroll of enchant armour (105 gold).
 20773 | Orc:2    | Bought a scroll of enchant armour for 105 gold pieces
 20773 | Orc:2    | 20773 ||| BUYING scroll of teleportation (42 gold).
 20773 | Orc:2    | Bought a scroll of teleportation for 42 gold pieces
 20784 | Orc:2    | 20784 ||| BUYING +0 tower shield of fire resistance (161
                  | gold).
 20784 | Orc:2    | Bought a +0 tower shield of fire resistance for 161 gold
                  | pieces
 20784 | Orc:2    | 20784 ||| BUYING +2 pair of gloves "Elixa" {rN++} (448
                  | gold).
 20784 | Orc:2    | Bought the +2 pair of gloves "Elixa" {rN++} for 448 gold
                  | pieces
 20784 | Orc:2    | 20784 ||| BUYING +3 ring mail of the Eagle {rPois rCorr}
                  | (501 gold).
 20784 | Orc:2    | Bought the +3 ring mail of the Eagle {rPois rCorr} for 501
                  | gold pieces
 20857 | Orc:2    | Found Unaciuni's Magic Scroll Shop.
 20878 | Orc:2    | 20878 ||| BUYING scroll of brand weapon (171 gold).
 20878 | Orc:2    | Bought a scroll of brand weapon for 171 gold pieces
 20878 | Orc:2    | 20878 ||| BUYING scroll of enchant weapon (135 gold).
 20878 | Orc:2    | Bought a scroll of enchant weapon for 135 gold pieces
 20878 | Orc:2    | 20878 ||| BUYING scroll of teleportation (54 gold).
 20878 | Orc:2    | Bought a scroll of teleportation for 54 gold pieces
 20878 | Orc:2    | 20878 ||| BUYING scroll of teleportation (54 gold).
 20878 | Orc:2    | Bought a scroll of teleportation for 54 gold pieces
 20878 | Orc:2    | 20878 ||| BUYING scroll of teleportation (54 gold).
 20878 | Orc:2    | Bought a scroll of teleportation for 54 gold pieces
 20878 | Orc:2    | 20878 ||| BUYING scroll of teleportation (54 gold).
 20878 | Orc:2    | Bought a scroll of teleportation for 54 gold pieces
 20882 | Orc:2    | Found Qaum's Magic Scroll Shoppe.
 20883 | Orc:2    | 20883 ||| INVOKING Heroism.
 20902 | Orc:2    | 20902 ||| BUYING scroll of enchant weapon (120 gold).
 20902 | Orc:2    | Bought a scroll of enchant weapon for 120 gold pieces
 20935 | Orc:2    | Noticed Urug
 20936 | Orc:2    | 20936 ||| INVOKING Heroism.
 20944 | Orc:2    | Killed Urug
 21131 | Orc:2    | Found Dextonno's Armour Boutique.
 21253 | Orc:2    | 21253 ||| INVOKING Heroism.
 21277 | Orc:2    | Found Keohabeb's Book Shoppe.
 21277 | Orc:2    | Found Haqiov's General Store.
 21331 | Orc:2    | 21331 ||| BUYING potion of curing (48 gold).
 21331 | Orc:2    | Bought a potion of curing for 48 gold pieces
 21342 | Orc:2    | 21342 ||| PLANNING SHOALS:1-3
 21342 | Orc:2    | 21342 ||| UPGRADING to +0 tower shield of fire resistance.
 21352 | Orc:2    | 21352 ||| DROPPING +0 tower shield.
 21353 | Orc:2    | 21353 ||| UPGRADING to +2 pair of gloves "Elixa" {rN++}.
 21363 | Orc:2    | 21363 ||| DROPPING +2 pair of gloves.
 21527 | Shoals:1 | Entered Level 1 of the Shoals
 21533 | Shoals:1 | 21533 ||| Stepping ~*~*~tactically~*~*~ (hiding).
 21537 | Shoals:1 | 21537 ||| Stepping ~*~*~tactically~*~*~ (hiding).
 21539 | Shoals:1 | Noticed Nikola
 21540 | Shoals:1 | 21540 ||| INVOKING Heroism.
 21542 | Shoals:1 | Reached skill level 15 in Shields
 21550 | Shoals:1 | Killed Nikola
 21551 | Shoals:1 | Reached skill level 13 in Armour
 21551 | Shoals:1 | Reached XP level 16. HP: 52/101 MP: 21/23
 21566 | Shoals:1 | Identified the ring "Soixtom" {rCorr Dex+2}
 21571 | Shoals:1 | Noticed Donald
 21572 | Shoals:1 | 21572 ||| INVOKING Finesse.
 21592 | Shoals:1 | Killed Donald
 21600 | Shoals:1 | 21600 ||| INVOKING Heroism.
 21965 | Shoals:1 | 21965 ||| Stepping ~*~*~tactically~*~*~ (hiding).
 21967 | Shoals:1 | 21967 ||| Stepping ~*~*~tactically~*~*~ (hiding).
 21969 | Shoals:1 | 21969 ||| Stepping ~*~*~tactically~*~*~ (hiding).
 22416 | Shoals:2 | 22416 ||| INVOKING Heroism.
 22470 | Shoals:2 | 22470 ||| Stepping ~*~*~tactically~*~*~ (hiding).
 22489 | Shoals:2 | 22489 ||| INVOKING Heroism.
 22558 | Shoals:2 | 22558 ||| FLEEEEING.
 22559 | Shoals:2 | 22559 ||| FLEEEEING.
 22560 | Shoals:2 | 22560 ||| FLEEEEING.
 22561 | Shoals:2 | 22561 ||| FLEEEEING.
 22562 | Shoals:2 | 22562 ||| FLEEEEING.
 22563 | Shoals:2 | 22563 ||| FLEEEEING.
 22564 | Shoals:2 | 22564 ||| FLEEEEING.
 22565 | Shoals:2 | 22565 ||| FLEEEEING.
 22566 | Shoals:2 | 22566 ||| FLEEEEING.
 22567 | Shoals:2 | 22567 ||| FLEEEEING.
 22568 | Shoals:2 | 22568 ||| FLEEEEING.
 22569 | Shoals:2 | 22569 ||| FLEEEEING.
 22570 | Shoals:2 | 22570 ||| FLEEEEING.
 22571 | Shoals:2 | 22571 ||| FLEEEEING.
 22572 | Shoals:2 | 22572 ||| FLEEEEING.
 22573 | Shoals:2 | 22573 ||| FLEEEEING.
 22574 | Shoals:2 | 22574 ||| INVOKING Heroism.
 23157 | Shoals:3 | 23157 ||| PLANNING BAZAAR
 23179 | Shoals:3 | 23179 ||| INVOKING Heroism.
 23185 | Shoals:3 | Reached skill level 14 in Armour
 23423 | Shoals:3 | Noticed Mara
 23424 | Shoals:3 | Noticed qw's illusion
 23424 | Shoals:3 | 23424 ||| INVOKING Heroism.
 23447 | Shoals:3 | Noticed qw's illusion
 23452 | Shoals:3 | HP: 25/101 [Mara (illusionary)/bolt of fire (29)]
 23453 | Shoals:3 | 23453 ||| READING 9 scrolls of teleportation.
 23697 | Shoals:3 | Identified the +12 long sword "Toxis" {freeze, Dex+2}
 23825 | Shoals:3 | Reached skill level 6 in Throwing
 23953 | Shoals:3 | 23953 ||| Stepping ~*~*~tactically~*~*~ (hiding).
 24011 | Shoals:3 | Found a flickering gateway to a bazaar.
 24012 | Shoals:3 | 24012 ||| DROPPING +1 pair of gloves.
 24013 | Shoals:3 | 24013 ||| INVOKING Heroism.
 24017 | Shoals:3 | Noticed qw's illusion
 24060 | Shoals:3 | Killed Mara
 24061 | Shoals:3 | Reached skill level 12 in Fighting
 24217 | Bazaar   | Entered a bazaar
 24218 | Bazaar   | Found Gassom's Armour Shop.
 24230 | Bazaar   | Found Feybboh's Magic Scroll Shop.
 24236 | Bazaar   | 24236 ||| BUYING scroll of enchant armour (120 gold).
 24236 | Bazaar   | Bought a scroll of enchant armour for 120 gold pieces
 24236 | Bazaar   | 24236 ||| BUYING scroll of enchant weapon (120 gold).
 24236 | Bazaar   | Bought a scroll of enchant weapon for 120 gold pieces
 24236 | Bazaar   | 24236 ||| BUYING scroll of teleportation (48 gold).
 24236 | Bazaar   | Bought a scroll of teleportation for 48 gold pieces
 24237 | Bazaar   | Found Puhangip's Armour Shop.
 24248 | Bazaar   | Found Oroorrur's Jewellery Shoppe.
 24282 | Shoals:3 | 24282 ||| PLANNING SHOALS:1-3
 24466 | Shoals:3 | 24466 ||| PLANNING SNAKE:1-3
 24646 | Snake:1  | Entered Level 1 of the Snake Pit
 24669 | Snake:1  | 24669 ||| Stepping ~*~*~tactically~*~*~ (hiding).
 24677 | Snake:1  | 24677 ||| Stepping ~*~*~tactically~*~*~ (hiding).
 24680 | Snake:1  | 24680 ||| Stepping ~*~*~tactically~*~*~ (hiding).
 24836 | Snake:1  | 24836 ||| INVOKING Heroism.
 24863 | Snake:1  | 24863 ||| Stepping ~*~*~tactically~*~*~ (hiding).
 24879 | Snake:1  | 24879 ||| Stepping ~*~*~tactically~*~*~ (hiding).
 24883 | Snake:1  | 24883 ||| Stepping ~*~*~tactically~*~*~ (hiding).
 24899 | Snake:1  | 24899 ||| Stepping ~*~*~tactically~*~*~ (hiding).
 25163 | Snake:1  | Found a runed translucent door.
 25363 | Snake:1  | 25363 ||| INVOKING Heroism.
 25368 | Snake:1  | 25368 ||| Stepping ~*~*~tactically~*~*~ (hiding).
 25378 | Snake:1  | Reached skill level 15 in Armour
 25525 | Snake:1  | 25525 ||| UPGRADING to +1 helmet of see invisible.
 25535 | Snake:1  | 25535 ||| DROPPING +0 pair of gloves of infusion.
 25536 | Snake:1  | 25536 ||| READING 3 scrolls of enchant armour.
 25536 | Snake:1  | 25536 ||| ENCHANTING +1 helmet of see invisible.
 25537 | Snake:1  | 25537 ||| DROPPING +2 helmet.
 25576 | Snake:2  | Received a gift from Okawaru
 25595 | Snake:2  | 25595 ||| Stepping ~*~*~tactically~*~*~ (stealth).
 25606 | Snake:2  | 25606 ||| INVOKING Heroism.
 25613 | Snake:2  | Received a gift from Okawaru
 25665 | Snake:2  | 25665 ||| Stepping ~*~*~tactically~*~*~ (stealth).
 25668 | Snake:2  | Noticed Saint Roka
 25669 | Snake:2  | 25669 ||| INVOKING Heroism.
 25670 | Snake:2  | 25670 ||| INVOKING Finesse.
 25688 | Snake:2  | Reached XP level 17. HP: 79/106 MP: 17/24
 25691 | Snake:2  | Killed Saint Roka
 25839 | Snake:2  | 25839 ||| Stepping ~*~*~tactically~*~*~ (hiding).
 25883 | Snake:2  | 25883 ||| Stepping ~*~*~tactically~*~*~ (hiding).
 25918 | Snake:2  | Identified the staff "Leyvig" {rPois rC+ rN+ Necro}
 25920 | Snake:2  | 25920 ||| Stepping ~*~*~tactically~*~*~ (stealth).
 25923 | Snake:2  | Received a gift from Okawaru
 26052 | Snake:2  | 26052 ||| Stepping ~*~*~tactically~*~*~ (hiding).
 26212 | Snake:2  | 26212 ||| Stepping ~*~*~tactically~*~*~ (hiding).
 26261 | Snake:2  | 26261 ||| INVOKING Heroism.
 26416 | Snake:2  | 26416 ||| Stepping ~*~*~tactically~*~*~ (stealth).
 26418 | Snake:2  | 26418 ||| Stepping ~*~*~tactically~*~*~ (hiding).
 26421 | Snake:2  | 26421 ||| Stepping ~*~*~tactically~*~*~ (hiding).
 26535 | Snake:2  | 26535 ||| Stepping ~*~*~tactically~*~*~ (hiding).
 26540 | Snake:2  | 26540 ||| INVOKING Heroism.
 26628 | Snake:2  | 26628 ||| Stepping ~*~*~tactically~*~*~ (hiding).
 26749 | Snake:2  | Identified Roxanne's Folio of the Gestalt
 26749 | Snake:2  | Noticed Roxanne
 26750 | Snake:2  | 26750 ||| INVOKING Heroism.
 26751 | Snake:2  | 26751 ||| INVOKING Finesse.
 26764 | Snake:2  | Killed Roxanne
 26764 | Snake:2  | Received a gift from Okawaru
 26857 | Snake:2  | 26857 ||| Stepping ~*~*~tactically~*~*~ (stealth).
 26859 | Snake:2  | 26859 ||| Stepping ~*~*~tactically~*~*~ (hiding).
 26861 | Snake:2  | Noticed Agnes
 26863 | Snake:2  | 26863 ||| Stepping ~*~*~tactically~*~*~ (hiding).
 26867 | Snake:2  | 26867 ||| INVOKING Heroism.
 26868 | Snake:2  | 26868 ||| INVOKING Finesse.
 26879 | Snake:2  | Killed Agnes
 26882 | Snake:2  | 26882 ||| Stepping ~*~*~tactically~*~*~ (stealth).
 26921 | Snake:2  | 26921 ||| Stepping ~*~*~tactically~*~*~ (stealth).
 26955 | Snake:2  | 26955 ||| Stepping ~*~*~tactically~*~*~ (hiding).
 26959 | Snake:2  | 26959 ||| Stepping ~*~*~tactically~*~*~ (hiding).
 26962 | Snake:2  | 26962 ||| Stepping ~*~*~tactically~*~*~ (hiding).
 26963 | Snake:2  | 26963 ||| Stepping ~*~*~tactically~*~*~ (hiding).
 26964 | Snake:2  | 26964 ||| Stepping ~*~*~tactically~*~*~ (hiding).
 27181 | Snake:2  | 27181 ||| DROPPING amulet of regeneration.
 27248 | Snake:3  | 27248 ||| Stepping ~*~*~tactically~*~*~ (hiding).
 27342 | Snake:3  | 27342 ||| Stepping ~*~*~tactically~*~*~ (hiding).
 27343 | Snake:3  | 27343 ||| INVOKING Heroism.
 27369 | Snake:3  | 27369 ||| INVOKING Heroism.
 27731 | Snake:3  | 27731 ||| DROPPING +0 morningstar.
 27732 | Snake:3  | 27732 ||| DROPPING +2 eveningstar of draining.
 27795 | Snake:3  | Found a shimmering altar of Xom.
 27799 | Snake:3  | Noticed Jorgrun
 27800 | Snake:3  | 27800 ||| Stepping ~*~*~tactically~*~*~ (hiding).
 27816 | Snake:3  | Killed Jorgrun
 27830 | Snake:3  | 27830 ||| Stepping ~*~*~tactically~*~*~ (stealth).
 27836 | Snake:3  | 27836 ||| INVOKING Heroism.
 27922 | Snake:3  | 27922 ||| INVOKING Heroism.
 27932 | Snake:3  | Received a gift from Okawaru
 28153 | Snake:3  | 28153 ||| Stepping ~*~*~tactically~*~*~ (hiding).
 28159 | Snake:3  | 28159 ||| INVOKING Heroism.
 28162 | Snake:3  | 28162 ||| Stepping ~*~*~tactically~*~*~ (hiding).
 28171 | Snake:3  | 28171 ||| Stepping ~*~*~tactically~*~*~ (stealth).
 28174 | Snake:3  | 28174 ||| Stepping ~*~*~tactically~*~*~ (hiding).
 28179 | Snake:3  | 28179 ||| Stepping ~*~*~tactically~*~*~ (hiding).
 28307 | Snake:3  | 28307 ||| Stepping ~*~*~tactically~*~*~ (hiding).
 28312 | Snake:3  | 28312 ||| INVOKING Heroism.
 28320 | Snake:3  | Received a gift from Okawaru
 28350 | Snake:3  | 28350 ||| Stepping ~*~*~tactically~*~*~ (stealth).
 28356 | Snake:3  | 28356 ||| Stepping ~*~*~tactically~*~*~ (stealth).
 28362 | Snake:3  | 28362 ||| Stepping ~*~*~tactically~*~*~ (stealth).
 28505 | Snake:3  | 28505 ||| Stepping ~*~*~tactically~*~*~ (hiding).
 28846 | Snake:3  | 28846 ||| READING 17 scrolls of identify.
 28846 | Snake:3  | 28846 ||| IDENTIFYING fuming emerald potion
 28847 | Snake:3  | 28847 ||| DROPPING potion of invisibility.
 29384 | Snake:3  | 29384 ||| PLANNING SHOALS:4
 29601 | Shoals:4 | Entered Level 4 of the Shoals
 29631 | Shoals:4 | Identified the +1 cloak of Soconyef {Rampage Str+3}
                  | (Okawaru gifted it to you on level 4 of the Shoals)
 29631 | Shoals:4 | Received a gift from Okawaru
 29772 | Shoals:4 | 29772 ||| INVOKING Heroism.
 29773 | Shoals:4 | 29773 ||| INVOKING Finesse.
 29970 | Shoals:4 | Found Paalos's Jewellery Emporium.
 29978 | Shoals:4 | 29978 ||| INVOKING Heroism.
 29981 | Shoals:4 | 29981 ||| Stepping ~*~*~tactically~*~*~ (hiding).
 29982 | Shoals:4 | 29982 ||| Stepping ~*~*~tactically~*~*~ (hiding).
 30001 | Shoals:4 | 30001 ||| BUYING +5 ring of evasion (576 gold).
 30001 | Shoals:4 | Bought a +5 ring of evasion for 576 gold pieces
 30001 | Shoals:4 | 30001 ||| SHOPLISTING ring of protection from cold (400
                  | gold, have 47).
 30001 | Shoals:4 | 30001 ||| SHOPLISTING ring of resist corrosion (320 gold,
                  | have 47).
 30009 | Shoals:4 | 30009 ||| Stepping ~*~*~tactically~*~*~ (hiding).
 30011 | Shoals:4 | Reached skill level 16 in Armour
 30047 | Shoals:4 | Reached XP level 18. HP: 112/112 MP: 25/25
 30047 | Shoals:4 | 30047 ||| DROPPING +0 war axe of flaming.
 30103 | Shoals:4 | 30103 ||| Stepping ~*~*~tactically~*~*~ (hiding).
 30104 | Shoals:4 | 30104 ||| Stepping ~*~*~tactically~*~*~ (hiding).
 30105 | Shoals:4 | 30105 ||| Stepping ~*~*~tactically~*~*~ (hiding).
 30109 | Shoals:4 | 30109 ||| Stepping ~*~*~tactically~*~*~ (hiding).
 30188 | Shoals:4 | 30188 ||| INVOKING Heroism.
 30271 | Shoals:4 | 30271 ||| INVOKING Heroism.
 30486 | Shoals:4 | 30486 ||| Stepping ~*~*~tactically~*~*~ (hiding).
 30489 | Shoals:4 | 30489 ||| INVOKING Heroism.
 30532 | Shoals:4 | 30532 ||| Stepping ~*~*~tactically~*~*~ (hiding).
 30541 | Shoals:4 | 30541 ||| INVOKING Heroism.
 30553 | Shoals:4 | 30553 ||| Stepping ~*~*~tactically~*~*~ (hiding).
 30557 | Shoals:4 | 30557 ||| Stepping ~*~*~tactically~*~*~ (hiding).
 30598 | Shoals:4 | 30598 ||| Stepping ~*~*~tactically~*~*~ (hiding).
 30608 | Shoals:4 | 30608 ||| INVOKING Heroism.
 30784 | Shoals:4 | 30784 ||| Stepping ~*~*~tactically~*~*~ (hiding).
 30792 | Shoals:4 | 30792 ||| INVOKING Heroism.
 31062 | Shoals:4 | Got a barnacled rune of Zot
 31109 | Shoals:4 | 31109 ||| PLANNING VAULTS:1-4
 31109 | Shoals:4 | 31109 ||| DROPPING +1 cloak.
 31110 | Shoals:4 | 31110 ||| UPGRADING to +2 pair of gloves of strength.
 31120 | Shoals:4 | 31120 ||| DROPPING +2 pair of gloves "Elixa" {rN++}.
 31121 | Shoals:4 | 31121 ||| UPGRADING to +6 ring of strength.
 31123 | Shoals:4 | 31123 ||| UPGRADING to +5 ring of evasion.
 31125 | Shoals:4 | 31125 ||| DROPPING +4 ring of slaying {mikee}.
 31126 | Shoals:4 | 31126 ||| DROPPING +6 ring of strength.
 31356 | Vaults:1 | Entered Level 1 of the Vaults
 31364 | Vaults:1 | 31364 ||| Stepping ~*~*~tactically~*~*~ (stealth).
 31428 | Vaults:1 | 31428 ||| Stepping ~*~*~tactically~*~*~ (hiding).
 31632 | Vaults:1 | 31632 ||| Stepping ~*~*~tactically~*~*~ (stealth).
 31634 | Vaults:1 | 31634 ||| Stepping ~*~*~tactically~*~*~ (hiding).
 31654 | Vaults:1 | 31654 ||| Stepping ~*~*~tactically~*~*~ (hiding).
 31657 | Vaults:1 | 31657 ||| Stepping ~*~*~tactically~*~*~ (hiding).
 31859 | Vaults:1 | 31859 ||| Stepping ~*~*~tactically~*~*~ (stealth).
 31865 | Vaults:1 | 31865 ||| Stepping ~*~*~tactically~*~*~ (hiding).
 31877 | Vaults:1 | Reached skill level 18 in Axes
 31933 | Vaults:1 | 31933 ||| INVOKING Heroism.
 32119 | Vaults:1 | Found a transporter.
 32119 | Vaults:1 | Noticed a titan
 32170 | Vaults:1 | 32170 ||| INVOKING Heroism.
 32197 | Vaults:1 | 32197 ||| Stepping ~*~*~tactically~*~*~ (stealth).
 32522 | Vaults:1 | 32522 ||| Stepping ~*~*~tactically~*~*~ (stealth).
 32527 | Vaults:1 | 32527 ||| INVOKING Heroism.
 32618 | Vaults:1 | Reached skill level 17 in Armour
 32630 | Vaults:1 | 32630 ||| INVOKING Heroism.
 32639 | Vaults:1 | Received a gift from Okawaru
 32850 | Vaults:1 | Found a transporter.
 32861 | Vaults:1 | 32861 ||| READING 18 scrolls of identify.
 32861 | Vaults:1 | 32861 ||| IDENTIFYING lumpy clear potion
 32916 | Vaults:2 | 32916 ||| PLANNING DESOLATION
 32939 | Vaults:2 | You are sucked into a shaft and drop 2 floors!
 32965 | Vaults:4 | 32965 ||| UPGRADING to +1 cloak of Soconyef {Rampage
                  | Str+3}.
 32966 | Vaults:4 | 32966 ||| UPGRADING to +1 cloak of Soconyef {Rampage
                  | Str+3}.
 32979 | Vaults:4 | 32979 ||| INVOKING Heroism.
 33007 | Vaults:4 | 33007 ||| Stepping ~*~*~tactically~*~*~ (stealth).
 33120 | Vaults:4 | 33120 ||| DROPPING -2 cloak "Rayronn" {rElec rPois Will+++
                  | Str-2}.
 33189 | Vaults:3 | Reached XP level 19. HP: 101/120 MP: 26/26
 33303 | Vaults:3 | Found Ulatrot's Antique Weapon Shoppe.
 33357 | Vaults:3 | Found Tefraed's Antique Armour Emporium.
 33420 | Vaults:3 | 33420 ||| DROPPING ring of magical power.
 33456 | Vaults:2 | 33456 ||| Stepping ~*~*~tactically~*~*~ (stealth).
 33458 | Vaults:2 | 33458 ||| INVOKING Heroism.
 33459 | Vaults:2 | 33459 ||| INVOKING Finesse.
 33480 | Vaults:2 | Reached skill level 18 in Shields
 33513 | Vaults:2 | 33513 ||| Stepping ~*~*~tactically~*~*~ (stealth).
 33519 | Vaults:2 | 33519 ||| Stepping ~*~*~tactically~*~*~ (stealth).
 33521 | Vaults:2 | 33521 ||| Stepping ~*~*~tactically~*~*~ (stealth).
 33523 | Vaults:2 | 33523 ||| Stepping ~*~*~tactically~*~*~ (stealth).
 33525 | Vaults:2 | 33525 ||| Stepping ~*~*~tactically~*~*~ (stealth).
 33581 | Vaults:2 | Found a crumbling gateway.
 33593 | Desolati | Entered the Desolation of Salt
 33765 | Desolati | 33765 ||| INVOKING Heroism.
 33766 | Desolati | 33766 ||| INVOKING Finesse.
 33806 | Desolati | Reached skill level 18 in Armour
 34075 | Desolati | Identified the +0 chain mail of Mezcal {Harm rElec rPois}
 34079 | Desolati | Identified the amulet of Reimbursement {Regen+ Str-4 Dex+5}
 34254 | Desolati | 34254 ||| Stepping ~*~*~tactically~*~*~ (hiding).
 34261 | Desolati | 34261 ||| DRINKING 8 potions of curing.
 34261 | Desolati | 34261 ||| (to cure confusion)
 34263 | Desolati | 34263 ||| DRINKING 7 potions of curing.
 34263 | Desolati | 34263 ||| (to cure confusion)
 34269 | Desolati | 34269 ||| DRINKING 6 potions of curing.
 34269 | Desolati | 34269 ||| (to cure confusion)
 34272 | Desolati | 34272 ||| INVOKING Heroism.
 34476 | Desolati | Identified the ring of the Monkey's Uncle {Will- Str+4
                  | Dex+4 SInv}
 34480 | Desolati | Identified the staff "Beetleslayer" {Dex+3 Earth}
 34620 | Desolati | 34620 ||| DROPPING amulet of Reimbursement {Regen+ Str-4
                  | Dex+5}.
 34686 | Vaults:2 | 34686 ||| PLANNING VAULTS:1-4
 34750 | Vaults:2 | Reached skill level 15 in Fighting
 34773 | Vaults:2 | Received a gift from Okawaru
 34781 | Vaults:2 | 34781 ||| INVOKING Heroism.
 34782 | Vaults:2 | 34782 ||| INVOKING Finesse.
 35000 | Vaults:2 | 35000 ||| Stepping ~*~*~tactically~*~*~ (stealth).
 35022 | Vaults:2 | 35022 ||| Stepping ~*~*~tactically~*~*~ (stealth).
 35023 | Vaults:2 | 35023 ||| Stepping ~*~*~tactically~*~*~ (stealth).
 35099 | Vaults:2 | 35099 ||| Stepping ~*~*~tactically~*~*~ (hiding).
 35241 | Vaults:2 | 35241 ||| Stepping ~*~*~tactically~*~*~ (hiding).
 35244 | Vaults:2 | 35244 ||| DRINKING 5 potions of curing.
 35244 | Vaults:2 | 35244 ||| (to cure confusion)
 35281 | Vaults:2 | Received a gift from Okawaru
 35381 | Vaults:2 | 35381 ||| Stepping ~*~*~tactically~*~*~ (stealth).
 35382 | Vaults:2 | 35382 ||| Stepping ~*~*~tactically~*~*~ (stealth).
 35417 | Vaults:2 | 35417 ||| INVOKING Heroism.
 35418 | Vaults:2 | 35418 ||| INVOKING Finesse.
 35502 | Vaults:2 | 35502 ||| Stepping ~*~*~tactically~*~*~ (stealth).
 35503 | Vaults:2 | 35503 ||| Stepping ~*~*~tactically~*~*~ (stealth).
 35516 | Vaults:2 | Received a gift from Okawaru
 35567 | Vaults:2 | 35567 ||| INVOKING Heroism.
 35653 | Vaults:2 | 35653 ||| INVOKING Heroism.
 35657 | Abyss:3  | Cast into level 3 of the Abyss (a deep elf sorcerer)
 35667 | Abyss:3  | 35667 ||| Stepping ~*~*~tactically~*~*~ (stealth).
 35669 | Abyss:3  | 35669 ||| Stepping ~*~*~tactically~*~*~ (stealth).
 35760 | Abyss:3  | 35760 ||| Stepping ~*~*~tactically~*~*~ (stealth).
 35790 | Abyss:3  | 35790 ||| Stepping ~*~*~tactically~*~*~ (stealth).
 35792 | Abyss:3  | 35792 ||| Stepping ~*~*~tactically~*~*~ (hiding).
 35793 | Abyss:3  | 35793 ||| Stepping ~*~*~tactically~*~*~ (hiding).
 35826 | Abyss:3  | 35826 ||| INVOKING Heroism.
 35827 | Abyss:3  | Received a gift from Okawaru
 35841 | Abyss:3  | Reached skill level 19 in Armour
 35858 | Abyss:3  | 35858 ||| Stepping ~*~*~tactically~*~*~ (stealth).
 35860 | Abyss:3  | 35860 ||| Stepping ~*~*~tactically~*~*~ (stealth).
 35873 | Abyss:3  | 35873 ||| Stepping ~*~*~tactically~*~*~ (stealth).
 35878 | Abyss:3  | 35878 ||| Stepping ~*~*~tactically~*~*~ (stealth).
 35879 | Abyss:3  | 35879 ||| Stepping ~*~*~tactically~*~*~ (stealth).
 35883 | Abyss:3  | 35883 ||| INVOKING Heroism.
 35897 | Abyss:3  | 35897 ||| Stepping ~*~*~tactically~*~*~ (stealth).
 35898 | Abyss:3  | 35898 ||| Stepping ~*~*~tactically~*~*~ (stealth).
 35899 | Abyss:3  | 35899 ||| Stepping ~*~*~tactically~*~*~ (hiding).
 35900 | Abyss:3  | 35900 ||| Stepping ~*~*~tactically~*~*~ (hiding).
 35901 | Abyss:3  | 35901 ||| Stepping ~*~*~tactically~*~*~ (hiding).
 35920 | Abyss:3  | Reached XP level 20. HP: 63/129 MP: 27/27
 35941 | Abyss:3  | 35941 ||| INVOKING Heroism.
 35966 | Abyss:4  | 35966 ||| Stepping ~*~*~tactically~*~*~ (stealth).
 35968 | Abyss:4  | 35968 ||| Stepping ~*~*~tactically~*~*~ (stealth).
 35969 | Abyss:4  | 35969 ||| Stepping ~*~*~tactically~*~*~ (stealth).
 35973 | Abyss:4  | 35973 ||| Stepping ~*~*~tactically~*~*~ (stealth).
 35982 | Abyss:4  | 35982 ||| Stepping ~*~*~tactically~*~*~ (stealth).
 35983 | Abyss:4  | 35983 ||| Stepping ~*~*~tactically~*~*~ (stealth).
 35984 | Abyss:4  | 35984 ||| INVOKING Heroism.
 36001 | Abyss:4  | 36001 ||| Stepping ~*~*~tactically~*~*~ (stealth).
 36011 | Abyss:4  | 36011 ||| Stepping ~*~*~tactically~*~*~ (stealth).
 36013 | Abyss:4  | 36013 ||| Stepping ~*~*~tactically~*~*~ (stealth).
 36016 | Abyss:4  | 36016 ||| Stepping ~*~*~tactically~*~*~ (stealth).
 36018 | Abyss:4  | 36018 ||| Stepping ~*~*~tactically~*~*~ (stealth).
 36019 | Abyss:4  | 36019 ||| Stepping ~*~*~tactically~*~*~ (hiding).
 36023 | Abyss:4  | 36023 ||| Stepping ~*~*~tactically~*~*~ (hiding).
 36030 | Abyss:4  | 36030 ||| INVOKING Heroism.
 36060 | Abyss:4  | 36060 ||| INVOKING Heroism.
 36062 | Abyss:4  | Received a gift from Okawaru
 36120 | Vaults:2 | Escaped the Abyss
 36121 | Vaults:2 | 36121 ||| INVOKING Heroism.
 36170 | Vaults:2 | 36170 ||| Stepping ~*~*~tactically~*~*~ (stealth).
 36177 | Vaults:2 | 36177 ||| Stepping ~*~*~tactically~*~*~ (stealth).
 36188 | Vaults:2 | 36188 ||| Stepping ~*~*~tactically~*~*~ (stealth).
 36211 | Vaults:2 | 36211 ||| INVOKING Heroism.
 36296 | Vaults:2 | 36296 ||| INVOKING Heroism.
 36382 | Vaults:2 | 36382 ||| Stepping ~*~*~tactically~*~*~ (stealth).
 36386 | Vaults:2 | 36386 ||| Stepping ~*~*~tactically~*~*~ (stealth).
 36422 | Vaults:2 | 36422 ||| Stepping ~*~*~tactically~*~*~ (stealth).
 36424 | Vaults:2 | 36424 ||| Stepping ~*~*~tactically~*~*~ (hiding).
 36689 | Vaults:3 | Found a staircase to the Crypt.
 36689 | Vaults:3 | Found a basalt altar of Yredelemnul.
 36690 | Vaults:3 | Found an ancient bone altar of Kikubaaqudgha.
 36781 | Vaults:3 | Found Nuast's Magic Scroll Boutique.
 36798 | Vaults:3 | 36798 ||| BUYING scroll of brand weapon (142 gold).
 36798 | Vaults:3 | Bought a scroll of brand weapon for 142 gold pieces
 36798 | Vaults:3 | 36798 ||| BUYING scroll of enchant armour (112 gold).
 36798 | Vaults:3 | Bought a scroll of enchant armour for 112 gold pieces
 36798 | Vaults:3 | 36798 ||| BUYING scroll of teleportation (45 gold).
 36798 | Vaults:3 | Bought a scroll of teleportation for 45 gold pieces
 36812 | Vaults:3 | 36812 ||| INVOKING Heroism.
 36843 | Vaults:3 | 36843 ||| Stepping ~*~*~tactically~*~*~ (hiding).
 37047 | Vaults:3 | 37047 ||| Stepping ~*~*~tactically~*~*~ (hiding).
 37180 | Vaults:3 | Found Raitoxki's Jewellery Shop.
 37185 | Vaults:3 | 37185 ||| SHOPLISTING amulet of faith (480 gold, have 159).
 37185 | Vaults:3 | 37185 ||| SHOPLISTING ring "Ugioko" {Contam rN+ rCorr Dex+4
                  | Stlth-} (391 gold, have 159).
 37185 | Vaults:3 | 37185 ||| SHOPLISTING ring of fire (300 gold, have 159).
 37185 | Vaults:3 | 37185 ||| SHOPLISTING ring of ice (300 gold, have 159).
 37488 | Vaults:4 | 37488 ||| Stepping ~*~*~tactically~*~*~ (hiding).
 37502 | Vaults:4 | Received a gift from Okawaru
 37719 | Vaults:4 | 37719 ||| Stepping ~*~*~tactically~*~*~ (hiding).
 37720 | Vaults:4 | 37720 ||| Stepping ~*~*~tactically~*~*~ (hiding).
 37723 | Vaults:4 | 37723 ||| Stepping ~*~*~tactically~*~*~ (hiding).
 38092 | Vaults:4 | 38092 ||| INVOKING Heroism.
 38339 | Vaults:4 | 38339 ||| Stepping ~*~*~tactically~*~*~ (hiding).
 38340 | Vaults:4 | 38340 ||| Stepping ~*~*~tactically~*~*~ (hiding).
 38341 | Vaults:4 | 38341 ||| Stepping ~*~*~tactically~*~*~ (hiding).
 38342 | Vaults:4 | 38342 ||| Stepping ~*~*~tactically~*~*~ (hiding).
 38343 | Vaults:4 | 38343 ||| Stepping ~*~*~tactically~*~*~ (hiding).
 38350 | Vaults:4 | Identified the +4 plate armour "Athamnyrgh" {rN+ Dex+2}
                  | (Okawaru gifted it to you on level 4 of the Vaults)
 38350 | Vaults:4 | Received a gift from Okawaru
 38411 | Vaults:4 | 38411 ||| INVOKING Heroism.
 38531 | Vaults:4 | 38531 ||| FLEEEEING.
 38532 | Vaults:4 | 38532 ||| FLEEEEING.
 38533 | Vaults:4 | 38533 ||| FLEEEEING.
 38534 | Vaults:4 | 38534 ||| FLEEEEING.
 38535 | Vaults:4 | 38535 ||| FLEEEEING.
 38536 | Vaults:4 | 38536 ||| FLEEEEING.
 38538 | Vaults:4 | 38538 ||| FLEEEEING.
 38539 | Vaults:4 | 38539 ||| FLEEEEING.
 38540 | Vaults:4 | 38540 ||| FLEEEEING.
 38541 | Vaults:4 | 38541 ||| FLEEEEING.
 38542 | Vaults:4 | 38542 ||| FLEEEEING.
 38543 | Vaults:4 | 38543 ||| FLEEEEING.
 38544 | Vaults:4 | 38544 ||| FLEEEEING.
 38545 | Vaults:4 | 38545 ||| FLEEEEING.
 38546 | Vaults:4 | 38546 ||| FLEEEEING.
 38547 | Vaults:4 | 38547 ||| FLEEEEING.
 38548 | Vaults:4 | 38548 ||| FLEEEEING.
 38549 | Vaults:4 | 38549 ||| FLEEEEING.
 38550 | Vaults:4 | 38550 ||| FLEEEEING.
 38551 | Vaults:4 | 38551 ||| FLEEEEING.
 38552 | Vaults:4 | 38552 ||| FLEEEEING.
 38553 | Vaults:4 | 38553 ||| FLEEEEING.
 38557 | Vaults:4 | 38557 ||| FLEEEEING.
 38558 | Vaults:4 | 38558 ||| FLEEEEING.
 38559 | Vaults:4 | 38559 ||| FLEEEEING.
 38560 | Vaults:4 | 38560 ||| FLEEEEING.
 38565 | Vaults:4 | 38565 ||| FLEEEEING.
 38566 | Vaults:4 | 38566 ||| FLEEEEING.
 38567 | Vaults:4 | 38567 ||| FLEEEEING.
 38568 | Vaults:4 | 38568 ||| FLEEEEING.
 38569 | Vaults:4 | 38569 ||| FLEEEEING.
 38570 | Vaults:4 | 38570 ||| FLEEEEING.
 38571 | Vaults:4 | 38571 ||| FLEEEEING.
 38572 | Vaults:4 | 38572 ||| FLEEEEING.
 38573 | Vaults:4 | 38573 ||| FLEEEEING.
 38574 | Vaults:4 | 38574 ||| FLEEEEING.
 38575 | Vaults:4 | 38575 ||| STAIRDANCE
 38958 | Vaults:4 | 38958 ||| DRINKING 6 potions of curing.
 38958 | Vaults:4 | 38958 ||| (to cure confusion)
 39053 | Vaults:4 | 39053 ||| PLANNING SNAKE:4
 39390 | Snake:4  | Entered Level 4 of the Snake Pit
 39414 | Snake:4  | Identified the +0 robe "Rulum" {Regen+ Stlth+}
 39425 | Snake:4  | Reached skill level 20 in Armour
 39426 | Snake:4  | Found a runed translucent gate.
 39430 | Snake:4  | Noticed qw's ghost (adept NaHu)
 39445 | Snake:4  | Found an opulent altar of Gozag.
 39498 | Snake:4  | 39498 ||| Stepping ~*~*~tactically~*~*~ (hiding).
 39499 | Snake:4  | 39499 ||| Stepping ~*~*~tactically~*~*~ (hiding).
 39500 | Snake:4  | 39500 ||| Stepping ~*~*~tactically~*~*~ (hiding).
 39504 | Snake:4  | 39504 ||| Stepping ~*~*~tactically~*~*~ (hiding).
 39759 | Snake:4  | Noticed Aizul
 39778 | Snake:4  | Killed Aizul
 39839 | Snake:4  | 39839 ||| Stepping ~*~*~tactically~*~*~ (stealth).
 39857 | Snake:4  | 39857 ||| PLANNING SNAKE:4
 39930 | Snake:4  | 39930 ||| Stepping ~*~*~tactically~*~*~ (hiding).
 39943 | Snake:4  | 39943 ||| Stepping ~*~*~tactically~*~*~ (hiding).
 39944 | Snake:4  | 39944 ||| Stepping ~*~*~tactically~*~*~ (hiding).
 39946 | Snake:4  | 39946 ||| Stepping ~*~*~tactically~*~*~ (hiding).
 40089 | Snake:4  | Reached XP level 21. HP: 139/139 MP: 28/28
 40281 | Snake:4  | Got a serpentine rune of Zot
 40353 | Snake:4  | 40353 ||| Stepping ~*~*~tactically~*~*~ (hiding).
 40367 | Snake:4  | 40367 ||| Stepping ~*~*~tactically~*~*~ (hiding).
 40389 | Snake:4  | Received a gift from Okawaru
 40459 | Snake:4  | Found a runed translucent gate.
 40459 | Snake:4  | Found a runed translucent gate.
 40498 | Snake:4  | 40498 ||| PLANNING DEPTHS
 40505 | Snake:4  | 40505 ||| PLANNING SNAKE:4
 40514 | Snake:4  | 40514 ||| PLANNING DEPTHS
 40528 | Snake:4  | 40528 ||| PLANNING SNAKE:4
 40544 | Snake:4  | 40544 ||| PLANNING DEPTHS
 40593 | Snake:4  | 40593 ||| PLANNING SNAKE:4
 40644 | Snake:4  | 40644 ||| PLANNING DEPTHS
 40675 | Snake:4  | 40675 ||| PLANNING SNAKE:4
 40708 | Snake:4  | 40708 ||| PLANNING DEPTHS
 40766 | Snake:4  | 40766 ||| PLANNING SNAKE:4
 40826 | Snake:4  | 40826 ||| PLANNING DEPTHS
 40867 | Snake:4  | 40867 ||| PLANNING SNAKE:4
 40910 | Snake:4  | 40910 ||| PLANNING DEPTHS
 40973 | Snake:4  | 40973 ||| PLANNING SNAKE:4
 41038 | Snake:4  | 41038 ||| PLANNING DEPTHS
 41320 | Depths:1 | Entered Level 1 of the Depths
 41321 | Depths:1 | 41321 ||| PLANNING WIZLAB
 41337 | Depths:1 | 41337 ||| Stepping ~*~*~tactically~*~*~ (stealth).
 41481 | Depths:1 | Found a gateway to Hell.
 41491 | Depths:1 | 41491 ||| INVOKING Heroism.
 41499 | Depths:1 | Reached skill level 18 in Fighting
 41499 | Depths:1 | HP: 35/141 [fire giant/fireball (7)]
 41500 | Depths:1 | 41500 ||| READING 21 scrolls of teleportation.
 41501 | Depths:1 | 41501 ||| DRINKING 2 potions of heal wounds.
 41505 | Depths:1 | 41505 ||| INVOKING Finesse.
 41559 | Depths:1 | 41559 ||| INVOKING Heroism.
 41781 | Depths:1 | Reached skill level 6 in Dodging
 41889 | Depths:1 | 41889 ||| Stepping ~*~*~tactically~*~*~ (stealth).
 41891 | Depths:1 | 41891 ||| Stepping ~*~*~tactically~*~*~ (hiding).
 41902 | Depths:1 | Received a gift from Okawaru
 42015 | Depths:1 | 42015 ||| Stepping ~*~*~tactically~*~*~ (hiding).
 42023 | Depths:1 | 42023 ||| INVOKING Heroism.
 42023 | Depths:1 | 42023 ||| RIP WIZLAB
 42024 | Depths:1 | 42024 ||| PLANNING DEPTHS
 42024 | Depths:1 | 42024 ||| INVOKING Finesse.
 42152 | Depths:1 | Identified the +8 spear of Gufo {vamp, rN+ Will- rCorr
                  | Int+2}
 42633 | Depths:2 | 42633 ||| INVOKING Heroism.
 42634 | Depths:2 | 42634 ||| INVOKING Finesse.
 42660 | Depths:2 | 42660 ||| DRINKING 5 potions of curing.
 42660 | Depths:2 | 42660 ||| (to cure confusion)
 42717 | Depths:2 | Reached skill level 21 in Armour
 42755 | Depths:2 | Found a one-way gateway to a ziggurat.
 42756 | Depths:2 | 42756 ||| Stepping ~*~*~tactically~*~*~ (hiding).
 42768 | Depths:2 | 42768 ||| Stepping ~*~*~tactically~*~*~ (stealth).
 42770 | Depths:2 | 42770 ||| Stepping ~*~*~tactically~*~*~ (hiding).
 42772 | Depths:2 | 42772 ||| Stepping ~*~*~tactically~*~*~ (hiding).
 42773 | Depths:2 | 42773 ||| Stepping ~*~*~tactically~*~*~ (hiding).
 42774 | Depths:2 | 42774 ||| Stepping ~*~*~tactically~*~*~ (stealth).
 42775 | Depths:2 | 42775 ||| Stepping ~*~*~tactically~*~*~ (hiding).
 42778 | Depths:2 | 42778 ||| INVOKING Heroism.
 42801 | Depths:2 | 42801 ||| Stepping ~*~*~tactically~*~*~ (hiding).
 42804 | Depths:2 | 42804 ||| Stepping ~*~*~tactically~*~*~ (hiding).
 42805 | Depths:2 | 42805 ||| Stepping ~*~*~tactically~*~*~ (hiding).
 42807 | Depths:2 | 42807 ||| Stepping ~*~*~tactically~*~*~ (hiding).
 42808 | Depths:2 | 42808 ||| Stepping ~*~*~tactically~*~*~ (hiding).
 42903 | Depths:2 | Found a one-way gate leading to the halls of Pandemonium.
 43081 | Depths:2 | 43081 ||| FLEEEEING.
 43085 | Depths:2 | 43085 ||| FLEEEEING.
 43086 | Depths:2 | 43086 ||| FLEEEEING.
 43094 | Depths:2 | 43094 ||| INVOKING Heroism.
 43245 | Depths:2 | 43245 ||| INVOKING Heroism.
 43246 | Depths:2 | 43246 ||| Stepping ~*~*~tactically~*~*~ (stealth).
 43307 | Depths:2 | 43307 ||| Stepping ~*~*~tactically~*~*~ (stealth).
 43323 | Depths:2 | 43323 ||| Stepping ~*~*~tactically~*~*~ (hiding).
 43561 | Depths:3 | 43561 ||| Stepping ~*~*~tactically~*~*~ (stealth).
 43563 | Depths:3 | 43563 ||| Stepping ~*~*~tactically~*~*~ (stealth).
 43580 | Depths:3 | Received a gift from Okawaru
 43594 | Depths:3 | Found Hese's Antique Weapon Shoppe.
 43637 | Depths:3 | Noticed qw's ghost (veteran GrHu)
 43638 | Depths:3 | Found a transporter.
 43642 | Depths:3 | Found a transporter.
 43648 | Depths:3 | Found Maygyeqa's Distillery.
 43657 | Depths:3 | 43657 ||| BUYING potion of curing (39 gold).
 43657 | Depths:3 | Bought a potion of curing for 39 gold pieces
 43657 | Depths:3 | 43657 ||| BUYING potion of heal wounds (65 gold).
 43657 | Depths:3 | Bought a potion of heal wounds for 65 gold pieces
 43657 | Depths:3 | 43657 ||| BUYING potion of might (52 gold).
 43657 | Depths:3 | Bought a potion of might for 52 gold pieces
 43657 | Depths:3 | 43657 ||| BUYING potion of might (52 gold).
 43657 | Depths:3 | Bought a potion of might for 52 gold pieces
 43673 | Depths:3 | 43673 ||| Stepping ~*~*~tactically~*~*~ (stealth).
 43676 | Depths:3 | 43676 ||| Stepping ~*~*~tactically~*~*~ (stealth).
 43710 | Depths:3 | Reached XP level 22. HP: 147/147 MP: 29/29
 43723 | Depths:3 | Found a one-way gate to the infinite horrors of the Abyss.
 43753 | Depths:3 | 43753 ||| Stepping ~*~*~tactically~*~*~ (hiding).
 43778 | Depths:3 | Received a gift from Okawaru
 43794 | Depths:3 | 43794 ||| INVOKING Heroism.
 43819 | Depths:3 | Identified the +9 mace of Nightmares {spect, rPois}
 43873 | Depths:3 | Identified the +8 mace "Ultimatum" {heavy, Fragile Str+6
                  | Int+4}
 43898 | Depths:3 | Identified the staff "Xekacwuc" {rPois rF+ Fire}
 43909 | Depths:3 | 43909 ||| INVOKING Heroism.
 43927 | Depths:3 | 43927 ||| Stepping ~*~*~tactically~*~*~ (stealth).
 43936 | Depths:3 | 43936 ||| Stepping ~*~*~tactically~*~*~ (stealth).
 43947 | Depths:3 | 43947 ||| READING 22 scrolls of identify.
 43947 | Depths:3 | 43947 ||| IDENTIFYING blue potion
 43948 | Depths:3 | 43948 ||| DROPPING potion of berserk rage.
 43961 | Depths:3 | 43961 ||| Stepping ~*~*~tactically~*~*~ (hiding).
 43962 | Depths:3 | 43962 ||| Stepping ~*~*~tactically~*~*~ (hiding).
 43965 | Depths:3 | 43965 ||| INVOKING Heroism.
 44088 | Depths:3 | 44088 ||| Stepping ~*~*~tactically~*~*~ (stealth).
 44101 | Depths:3 | Received a gift from Okawaru
 44102 | Depths:3 | Reached skill level 22 in Armour
 44161 | Depths:3 | 44161 ||| Stepping ~*~*~tactically~*~*~ (hiding).
 44164 | Depths:3 | 44164 ||| Stepping ~*~*~tactically~*~*~ (hiding).
 44165 | Depths:3 | 44165 ||| Stepping ~*~*~tactically~*~*~ (hiding).
 44166 | Depths:3 | 44166 ||| Stepping ~*~*~tactically~*~*~ (hiding).
 44285 | Depths:3 | 44285 ||| Stepping ~*~*~tactically~*~*~ (hiding).
 44363 | Depths:3 | 44363 ||| Stepping ~*~*~tactically~*~*~ (stealth).
 44394 | Depths:3 | 44394 ||| INVOKING Heroism.
 44399 | Depths:3 | Reached skill level 9 in Throwing
 44497 | Depths:3 | Identified the staff of Dissent {rC+ Int+2 Ice}
 44497 | Depths:3 | Identified the ring "Enefypyett" {*Corrode Fly Dex+5}
 44689 | Depths:3 | 44689 ||| BUYING bloodstained broad axe (333 gold).
 44689 | Depths:3 | Bought a bloodstained broad axe for 333 gold pieces
 44689 | Depths:3 | Identified the +8 broad axe of Checks and Balances
                  | {antimagic, rElec} (You bought it in a shop on level 3 of
                  | the Depths)
 44696 | Depths:3 | Found Cedocast's Assorted Antiques.
 44727 | Depths:3 | Found Pipinesk's Jewellery Shoppe.
 44736 | Depths:3 | 44736 ||| BUYING amulet of faith (520 gold).
 44736 | Depths:3 | Bought an amulet of faith for 520 gold pieces
 44736 | Depths:3 | 44736 ||| SHOPLISTING ring of Zobbom {Wiz rElec rC+ Stlth+}
                  | (699 gold, have 369).
 44752 | Depths:3 | 44752 ||| UPGRADING to amulet of faith.
 44764 | Depths:3 | 44764 ||| Stepping ~*~*~tactically~*~*~ (hiding).
 45044 | Depths:3 | 45044 ||| UPGRADING to amulet of reflection.
 45049 | Depths:3 | 45049 ||| UPGRADING to amulet of faith.
 45066 | Depths:4 | Entered Level 4 of the Depths
 45070 | Depths:4 | 45070 ||| Stepping ~*~*~tactically~*~*~ (hiding).
 45071 | Depths:4 | 45071 ||| INVOKING Heroism.
 45086 | Depths:4 | Received a gift from Okawaru
 45234 | Depths:4 | 45234 ||| Stepping ~*~*~tactically~*~*~ (hiding).
 45308 | Depths:4 | 45308 ||| Stepping ~*~*~tactically~*~*~ (stealth).
 45309 | Depths:4 | 45309 ||| Stepping ~*~*~tactically~*~*~ (stealth).
 45311 | Depths:4 | 45311 ||| Stepping ~*~*~tactically~*~*~ (stealth).
 45385 | Depths:4 | 45385 ||| Stepping ~*~*~tactically~*~*~ (hiding).
 45386 | Depths:4 | 45386 ||| Stepping ~*~*~tactically~*~*~ (hiding).
 45388 | Depths:4 | 45388 ||| Stepping ~*~*~tactically~*~*~ (hiding).
 45412 | Depths:4 | 45412 ||| INVOKING Heroism.
 45527 | Depths:4 | Noticed Louise
 45536 | Depths:4 | Killed Louise
 45563 | Depths:4 | 45563 ||| INVOKING Heroism.
 45622 | Depths:4 | 45622 ||| Stepping ~*~*~tactically~*~*~ (stealth).
 45625 | Depths:4 | 45625 ||| Stepping ~*~*~tactically~*~*~ (stealth).
 45628 | Depths:4 | 45628 ||| Stepping ~*~*~tactically~*~*~ (hiding).
 45672 | Depths:4 | 45672 ||| INVOKING Heroism.
 45673 | Depths:4 | 45673 ||| INVOKING Finesse.
 45682 | Depths:4 | Noticed Xtahua
 45683 | Depths:4 | 45683 ||| Stepping ~*~*~tactically~*~*~ (stealth).
 45684 | Depths:4 | 45684 ||| DRINKING 4 potions of resistance.
 45696 | Depths:4 | Killed Xtahua
 45950 | Depths:4 | Noticed the Enchantress
 45987 | Depths:4 | 45987 ||| INVOKING Heroism.
 45999 | Depths:4 | 45999 ||| DRINKING 7 potions of curing.
 45999 | Depths:4 | 45999 ||| (to cure confusion)
 46002 | Depths:4 | Received a gift from Okawaru
 46010 | Depths:4 | 46010 ||| INVOKING Finesse.
 46015 | Depths:4 | 46015 ||| DRINKING 6 potions of curing.
 46015 | Depths:4 | 46015 ||| (to cure confusion)
 46023 | Depths:4 | Killed the Enchantress
 46023 | Depths:4 | Received a gift from Okawaru
 46340 | Depths:4 | Noticed a golden dragon
 46341 | Depths:4 | 46341 ||| INVOKING Heroism.
 46342 | Depths:4 | 46342 ||| Stepping ~*~*~tactically~*~*~ (hiding).
 46356 | Depths:4 | Killed a golden dragon
 46382 | Depths:4 | Found a gate to the Realm of Zot.
 46387 | Depths:4 | 46387 ||| PLANNING VAULTS:5
 46681 | Vaults:5 | Entered Level 5 of the Vaults
 46689 | Vaults:5 | 46689 ||| STAIRDANCE
 46695 | Vaults:4 | Received a gift from Okawaru
 46801 | Vaults:5 | 46801 ||| STAIRDANCE
 46812 | Vaults:4 | Received a gift from Okawaru
 46854 | Vaults:5 | 46854 ||| INVOKING Heroism.
 46855 | Vaults:5 | 46855 ||| INVOKING Finesse.
 46864 | Vaults:5 | Received a gift from Okawaru
 46868 | Vaults:5 | Noticed a dread lich
 46877 | Vaults:5 | Reached XP level 23. HP: 126/155 MP: 23/30
 46889 | Vaults:5 | Killed a dread lich
 46889 | Vaults:5 | Received a gift from Okawaru
 46901 | Vaults:5 | HP: 29/156 [vault sentinel/+0 long sword (13)]
 46902 | Vaults:5 | 46902 ||| READING 20 scrolls of teleportation.
 46903 | Vaults:5 | 46903 ||| DRINKING 2 potions of heal wounds.
 46912 | Vaults:5 | 46912 ||| Stepping ~*~*~tactically~*~*~ (hiding).
 46924 | Vaults:5 | Received a gift from Okawaru
 46961 | Vaults:5 | Received a gift from Okawaru
 46963 | Vaults:5 | Reached skill level 21 in Shields
 46980 | Vaults:5 | HP: 37/156 [shadow dragon (8)]
 46981 | Vaults:5 | 46981 ||| READING 19 scrolls of teleportation.
 46982 | Vaults:5 | 46982 ||| DRINKING potion of heal wounds.
 46983 | Vaults:5 | 46983 ||| INVOKING Heroism.
 46992 | Vaults:5 | 46992 ||| Stepping ~*~*~tactically~*~*~ (hiding).
 47009 | Vaults:5 | 47009 ||| Stepping ~*~*~tactically~*~*~ (hiding).
 47010 | Vaults:5 | 47010 ||| Stepping ~*~*~tactically~*~*~ (hiding).
 47030 | Vaults:5 | HP: 39/157 [shadow dragon (4)]
 47031 | Vaults:5 | 47031 ||| READING 18 scrolls of teleportation.
 47033 | Vaults:5 | Identified the +8 crystal plate armour of the Fife {rCorr
                  | MP+9 SInv} (Okawaru gifted it to you on level 5 of the
                  | Vaults)
 47033 | Vaults:5 | Received a gift from Okawaru
 47035 | Vaults:5 | HP: 24/158 [sphinx/divine providence (13)]
 47046 | Vaults:5 | 47046 ||| READING 17 scrolls of teleportation.
 47048 | Vaults:5 | 47048 ||| INVOKING Heroism.
 47056 | Vaults:5 | 47056 ||| INVOKING Finesse.
 47057 | Vaults:5 | 47057 ||| READING 16 scrolls of teleportation.
 47065 | Vaults:5 | HP: 10/158 [titan/the air (25)]
 47075 | Vaults:5 | 47075 ||| Stepping ~*~*~tactically~*~*~ (hiding).
 47076 | Vaults:5 | 47076 ||| READING 15 scrolls of teleportation.
 47101 | Vaults:5 | 47101 ||| READING 14 scrolls of teleportation.
 47102 | Vaults:5 | 47102 ||| INVOKING Heroism.
 47116 | Vaults:5 | 47116 ||| Stepping ~*~*~tactically~*~*~ (hiding).
 47117 | Vaults:5 | 47117 ||| READING 13 scrolls of teleportation.
 47120 | Vaults:5 | HP: 31/158 [fire giant/bolt of fire (3)]
 47121 | Vaults:5 | 47121 ||| READING 12 scrolls of teleportation.
 47136 | Vaults:5 | 47136 ||| READING 11 scrolls of teleportation.
 47141 | Vaults:5 | Identified the ring "Jywieg" {Fly rElec MP+9 Stlth+}
 47142 | Vaults:5 | 47142 ||| READING 10 scrolls of teleportation.
 47146 | Vaults:5 | 47146 ||| READING 9 scrolls of teleportation.
 47153 | Vaults:5 | 47153 ||| READING 8 scrolls of teleportation.
 47154 | Vaults:5 | 47154 ||| INVOKING Heroism.
 47168 | Vaults:5 | 47168 ||| Stepping ~*~*~tactically~*~*~ (stealth).
 47182 | Vaults:5 | 47182 ||| Stepping ~*~*~tactically~*~*~ (stealth).
 47211 | Vaults:5 | 47211 ||| FLEEEEING.
 47213 | Vaults:5 | 47213 ||| Stepping ~*~*~tactically~*~*~ (stealth).
 47214 | Vaults:5 | 47214 ||| Stepping ~*~*~tactically~*~*~ (stealth).
 47222 | Vaults:5 | 47222 ||| Stepping ~*~*~tactically~*~*~ (hiding).
 47225 | Vaults:5 | 47225 ||| Stepping ~*~*~tactically~*~*~ (hiding).
 47228 | Vaults:5 | 47228 ||| INVOKING Heroism.
 47234 | Vaults:5 | 47234 ||| Stepping ~*~*~tactically~*~*~ (hiding).
 47237 | Vaults:5 | 47237 ||| INVOKING Finesse.
 47283 | Vaults:5 | 47283 ||| Stepping ~*~*~tactically~*~*~ (hiding).
 47303 | Vaults:5 | HP: 36/159 [titan/the air (25)]
 47304 | Vaults:5 | 47304 ||| READING 7 scrolls of teleportation.
 47306 | Vaults:5 | Reached skill level 21 in Fighting
 47328 | Vaults:5 | 47328 ||| Stepping ~*~*~tactically~*~*~ (stealth).
 47329 | Vaults:5 | 47329 ||| READING 6 scrolls of teleportation.
 47330 | Vaults:5 | 47330 ||| INVOKING Heroism.
 47333 | Vaults:5 | 47333 ||| READING 5 scrolls of teleportation.
 47380 | Vaults:5 | 47380 ||| FLEEEEING.
 47381 | Vaults:5 | 47381 ||| FLEEEEING.
 47382 | Vaults:5 | 47382 ||| FLEEEEING.
 47383 | Vaults:5 | 47383 ||| FLEEEEING.
 47384 | Vaults:5 | 47384 ||| FLEEEEING.
 47385 | Vaults:5 | 47385 ||| FLEEEEING.
 47389 | Vaults:5 | 47389 ||| FLEEEEING.
 47390 | Vaults:5 | 47390 ||| FLEEEEING.
 47391 | Vaults:5 | 47391 ||| FLEEEEING.
 47392 | Vaults:5 | 47392 ||| FLEEEEING.
 47393 | Vaults:5 | 47393 ||| FLEEEEING.
 47394 | Vaults:5 | 47394 ||| FLEEEEING.
 47395 | Vaults:5 | 47395 ||| FLEEEEING.
 47396 | Vaults:5 | 47396 ||| FLEEEEING.
 47398 | Vaults:5 | 47398 ||| FLEEEEING.
 47399 | Vaults:5 | 47399 ||| FLEEEEING.
 47400 | Vaults:5 | 47400 ||| Stepping ~*~*~tactically~*~*~ (hiding).
 47401 | Vaults:5 | 47401 ||| FLEEEEING.
 47402 | Vaults:5 | 47402 ||| INVOKING Heroism.
 47403 | Vaults:5 | 47403 ||| INVOKING Finesse.
 47461 | Vaults:5 | 47461 ||| INVOKING Heroism.
 47467 | Vaults:5 | Identified the +1 robe of the Coconut {rElec}
 47477 | Vaults:5 | 47477 ||| FLEEEEING.
 47478 | Vaults:5 | 47478 ||| FLEEEEING.
 47479 | Vaults:5 | 47479 ||| STAIRDANCE
 47723 | Vaults:5 | 47723 ||| INVOKING Heroism.
 47751 | Vaults:5 | Noticed a golden dragon
 47754 | Vaults:5 | Received a gift from Okawaru
 47766 | Vaults:5 | Killed a golden dragon
 47785 | Vaults:5 | Noticed a dread lich
 47790 | Vaults:5 | Paralysed by a dread lich for 4 turns
 47795 | Vaults:5 | 47795 ||| DRINKING 3 potions of resistance.
 47796 | Vaults:5 | 47796 ||| INVOKING Heroism.
 47801 | Vaults:5 | Paralysed by a dread lich for 5 turns
 47812 | Vaults:5 | Killed a dread lich
 47812 | Vaults:5 | Received a gift from Okawaru
 47813 | Vaults:5 | 47813 ||| FLEEEEING.
 47815 | Vaults:5 | 47815 ||| STAIRDANCE
 48049 | Vaults:5 | 48049 ||| INVOKING Heroism.
 48073 | Vaults:5 | 48073 ||| DRINKING 5 potions of curing.
 48073 | Vaults:5 | 48073 ||| (to cure confusion)
 48088 | Vaults:5 | Received a gift from Okawaru
 48098 | Vaults:5 | 48098 ||| STAIRDANCE
 48266 | Vaults:5 | Identified the +1 fire dragon scales of Charmed
                  | Satisfaction {rPois rF++ rC- rCorr Str+2 Int+5}
 48525 | Vaults:5 | Got a silver rune of Zot
 48876 | Vaults:5 | 48876 ||| PLANNING SHOPPING SPREE
 48876 | Vaults:5 | 48876 ||| DROPPING +3 ring mail of the Eagle {rPois rCorr}.
 48877 | Vaults:5 | 48877 ||| DROPPING +1 fire dragon scales of Charmed
                  | Satisfaction {rPois rF++ rC- rCorr Str+2 Int+5}.
 48878 | Vaults:5 | 48878 ||| UPGRADING to +8 crystal plate armour of the Fife
                  | {rCorr MP+9 SInv}.
 48888 | Vaults:5 | 48888 ||| DROPPING +7 crystal plate armour of Okawaru,
                  | Grinning {Stlth+}.
 48923 | Vaults:5 | 48923 ||| DROPPING ring of ice.
 49375 | Vaults:3 | 49375 ||| BUYING ring "Ugioko" {Contam rN+ rCorr Dex+4
                  | Stlth-} (391 gold).
 49375 | Vaults:3 | Bought the ring "Ugioko" {Contam rN+ rCorr Dex+4 Stlth-}
                  | for 391 gold pieces
 49652 | Shoals:4 | 49652 ||| CLEARING SHOPPING LIST
 49652 | Shoals:4 | 49652 ||| PLANNING ZOT:1-4
 50067 | Zot:1    | Entered Level 1 of the Realm of Zot
 50067 | Zot:1    | Noticed a golden dragon
 50068 | Zot:1    | 50068 ||| STAIRDANCE
 50172 | Zot:1    | 50172 ||| INVOKING Heroism.
 50178 | Zot:1    | 50178 ||| STAIRDANCE
 50178 | Zot:1    | HP: 18/161 [doom hound[Grunn] (27)]
 50178 | Zot:1    | HP: 8/161 [???[a doom hound] (1)]
 50180 | Depths:4 | 50180 ||| READING 4 scrolls of teleportation.
 50180 | Depths:4 | Demolished by a doom hound

Levels and vault maps discovered:
D:1:      minmay_arrival_hallway, layout_rooms
D:2:      layout_basic, ebering_ecumenical_altar_petrified
D:3:      layout_basic, mainiacjoe_overflow_24_doors, okawaru_ov_weapons_minmay
D:4:      layout_basic
D:5:      layout_loops_ring, cheibrodos_ashenzari_chains
D:6:      layout_loops_ring, serial_shops, nicolae_shop_overgrown_old_shop
D:7:      layout_basic, minmay_temple_entry_antechambers, enter_bailey_3,
          kennysheep_generic_room_15
D:8:      layout_rooms, overflow_temple_1_default, mainiacjoe_overflow_alcove_3,
          serial_demonic, serial_demonic_a, serial_demonic_e, serial_demonic_a,
          serial_demonic_c, serial_demonic_b, serial_demonic_c,
          serial_demonic_f, uniq_joseph, uniq_maurice
D:9:      gammafunk_boulding_lane, layout_irregular_city
D:10:     layout_roguey, mainiacjoe_overflow_small_starburst, serial_glass,
          glass_columns_b, glass_columns_a, glass_columns_b, glass_columns_a
D:11:     layout_basic, dpeg_lair_monsters, enter_trove_6
D:12:     layout_irregular_city, orc_0_dummy, ebering_ghost_gozag
D:13:     layout_loops_cross, gammafunk_ghost_wrathful_warriors,
          nicolae_concentric_dashed_squares_mild
D:14:     layout_small_grid, erik_vaults_2, minivault_27
D:15:     gammafunk_depths_entry_grave, layout_irregular_city
Lair:1:   layout_regular_city, small_statue_intersection, lemuel_fruit_fields
Lair:2:   layout_roguey, nicolae_snake_entry_squirm
Lair:3:   layout_cave_pods, minmay_shoals_entry_beasts, gauntlet_entry_generic
Lair:4:   layout_gridlike, nicolae_slime_entry_slimehenge, basic_altar
Lair:5:   grunt_lair_end_beastmaster, layout_hall_layers,
          ebering_ghost_disaster_area, portal_ice_cave_entry_pillars_1,
          fungi_pond_lemuel, kilobyte_rumbling_trees,
          infiniplex_staircase_pool_2
Shoals:1: layout_shoals, uniq_donald, uniq_nikola
Shoals:2: layout_shoals
Shoals:3: layout_shoals, serial_shops, bzr_entry_dummy, uniq_mara
Shoals:4: shoals_end_hangedman, layout_shoals, serial_shops, shop,
          nicolae_shoals_cliffside_cave
Snake:1:  cheibrodos_toxic_ritual, layout_onion, serial_bayou_shore_a
Snake:2:  layout_honeycomb, nicolae_snake_mages_go_home, serial_bayou_shore_b,
          uniq_agnes, uniq_saint_roka, uniq_roxanne
Snake:3:  layout_basic, basic_altar, serial_bayou_lagoon_a, uniq_jorgrun
Snake:4:  minmay_snake_end_coiled, layout_misc_corridors, special_room,
          ebering_ghost_rock_garden, basic_altar, uniq_aizul
Orc:1:    layout_caves, gammafunk_ghost_fury_of_okawaru, serial_shops,
          shop_statue, library_closet
Orc:2:    st_orc_town, layout_diamond_mine, serial_shops,
          nicolae_shop_real_fake_doors, shop, nicolae_lakefront_shop, shop,
          nicolae_square_shop, mines2_lemuel, uniq_urug
Vaults:1: nicolae_vaults_more_shelving_1, gammafunk_sealed_arena, v_pattern_5,
          ontoclasm_vaults_chip, nicolae_vaults_border_crossing,
          vaults_mumra_hex, layout_vaults_big_room
Vaults:2: portal_desolation_entry_twin_temple, vaults_standard_mumra_x,
          v_pattern_4, v_rooms_5, kb_rosetta, ontoclasm_vaults_twist,
          hangedman_vaults_locks, nicolae_vaults_trapezoid_3,
          nicolae_vaults_tetromino_L_1, nicolae_vaults_closet_pinwheel_4,
          layout_vaults_omnicross
Vaults:3: v_misc_26, st_spiral_rooms, minmay_crypt_entry_necro_gods,
          vaults_room_pools, v_pattern_1, layout_vaults_quadrants, serial_shops,
          nicolae_diamond_shop, shop, shop, nicolae_shop_gaudy_bauble
Vaults:4: nicolae_vaults_little_ls, nicolae_vaults_closet_pinwheel_1,
          vaults_room_grid, vaults_dpeg_encased_lava, v_misc_28,
          nicolae_vaults_more_shelving_2, nicolae_vaults_offset_grid_hallway_1,
          nicolae_vaults_rhombus_7, hangedman_vaults_hat,
          dpeg_vaults_monster_row, ontoclasm_vaults_fault,
          nicolae_vaults_wine_cellar, nicolae_vaults_security_offices_2,
          layout_vaults_maze_snakey
Vaults:5: serial_shops
Depths:1: layout_cave_shapes, infiniplex_enter_wizlab_spiral,
          hangedman_decor_opposing, hellmouth_3, nicolae_water_bricks,
          grunt_decor_clamped, nicolae_lava_and_water,
          minmay_checkered_concentric_circles
Depths:2: minmay_polygon_palace, layout_cave_shapes, enter_ziggurat_c,
          hell_entry, pan_entry, hangedman_decor_peaks_small,
          grunt_decor_arrowhead
Depths:3: minmay_tri_stars, layout_honeycomb, glass_columns_a,
          gammafunk_ghost_mausoleum, hell_entry, serial_shops,
          nicolae_stop_n_shop_1, nicolae_shop_statue_plus,
          nicolae_stop_n_shop_1, nicolae_shop_tiny_glass, abyss_entry,
          minmay_staircase_bubble
Depths:4: evilmike_zot_entry_gauntlet, layout_cave_pools, hell_entry,
          nicolae_abyss_entry_one_way_or_another, grunt_megastairs_5,
          uniq_xtahua, uniq_enchantress
Zot:1:    layout_misc_corridors, uniq_grunn

Skill      XL: |  1  2  3  4  5  6  7  8  9 10 11 12 13 14 15 16 17 18 19 20 21 22 23 |
---------------+----------------------------------------------------------------------+-----
Axes           | 2 3 4 5 6 8 9 10 11 12 14 15 17 18 | 18.0
Fighting       | 4 5 6 8 10 11 12 13 15 17 18 19 21 | 21.9
Invocations    | 2 4 6 9 10 | 10.0
Dodging        | 1 2 3 4 5 6 7 8 |  8.0
Armour         | 4 6 7 9 10 12 13 15 16 17 19 20 21 22 | 22.0
Throwing       | 1 3 4 5 6 7 8 11 | 11.0
Shields        | 5 6 7 10 15 16 17 18 19 20 21 | 21.0

Action                     |  1- 3 |  4- 6 |  7- 9 | 10-12 | 13-15 | 16-18 | 19-21 | 22-24 || total
---------------------------+-------+-------+-------+-------+-------+-------+-------+-------++-------
  Melee: War axe           |   112 |   136 |   175 |   274 |       |       |       |       ||   697
         Broad axe         |       |       |       |    20 |   783 |  1260 |  1351 |   858 ||  4272
         Morningstar       |       |       |       |       |    20 |       |       |       ||    20
  Throw: Boomerang         |       |       |    17 |    66 |    88 |    26 |   165 |    26 ||   388
         Javelin           |       |       |     3 |    46 |   181 |   110 |    47 |    21 ||   408
 Invoke: Heroism           |       |     1 |     9 |    20 |    33 |    34 |    26 |    23 ||   146
         Finesse           |       |       |       |     2 |     4 |     5 |     7 |     6 ||    24
    Use: Scroll            |     4 |    12 |     6 |    14 |     4 |     4 |     1 |    18 ||    63
         Potion            |       |       |       |     4 |     1 |       |     7 |     7 ||    19
   Stab: Petrifying        |       |       |       |       |     2 |       |       |       ||     2
         Petrified         |       |       |       |       |     1 |       |       |       ||     1
 Armour: Scale mail        |    30 |       |       |       |       |       |       |       ||    30
         Chain mail        |    27 |    49 |    23 |       |       |       |       |       ||    99
         Plate armour      |       |       |    70 |   109 |    98 |       |       |       ||   277
         Crystal plate arm |       |       |       |       |   170 |   380 |   283 |   464 ||  1297
  Dodge: Dodged            |    43 |    42 |    34 |    73 |   188 |   260 |   335 |   446 ||  1421
  Block: Buckler           |    19 |    36 |    85 |   105 |   150 |       |       |       ||   395
         Reflection        |       |       |     9 |     6 |    21 |    89 |    96 |       ||   221
         Kite shield       |       |       |       |       |   128 |       |       |       ||   128
         Tower shield      |       |       |       |       |   274 |  1121 |  1074 |   818 ||  3287

Table legend:
 A = Non-vault XP
 B = Vault XP
 C = Vault XP percentage of total XP
 D = Non-vault monster count
 E = Vault monster count
 F = Vault count percentage of total count
                 A         B        C        D         E       F
            +---------+---------+-------+---------+---------+-------
      Total |  428021 |  391703 |  47.8 |    1010 |     579 |  36.4
            +---------+---------+-------+---------+---------+-------
        D:1 |      41 |       0 |   0.0 |      26 |       0 |   0.0
        D:2 |      53 |       0 |   0.0 |      16 |       0 |   0.0
        D:3 |      90 |       0 |   0.0 |      31 |       0 |   0.0
        D:4 |     193 |       0 |   0.0 |      16 |       0 |   0.0
        D:5 |     961 |       0 |   0.0 |      22 |       0 |   0.0
        D:6 |     517 |       0 |   0.0 |      12 |       0 |   0.0
        D:7 |     757 |       7 |   0.9 |      17 |       4 |  19.0
        D:8 |     381 |    1042 |  73.2 |      17 |      11 |  39.3
        D:9 |    1520 |       0 |   0.0 |      21 |       0 |   0.0
       D:10 |    4593 |       0 |   0.0 |      11 |       0 |   0.0
       D:11 |    4713 |    2497 |  34.6 |      20 |       7 |  25.9
       D:12 |    4538 |       0 |   0.0 |      17 |       0 |   0.0
       D:13 |    4697 |       0 |   0.0 |      11 |       0 |   0.0
       D:14 |    9916 |    6917 |  41.1 |      21 |       8 |  27.6
       D:15 |    8257 |    5862 |  41.5 |      13 |       8 |  38.1
     Lair:1 |    7687 |       0 |   0.0 |      32 |       0 |   0.0
     Lair:2 |    1382 |     479 |  25.7 |       7 |       3 |  30.0
     Lair:3 |    8629 |     811 |   8.6 |      33 |       2 |   5.7
     Lair:4 |    4753 |      91 |   1.9 |      22 |       6 |  21.4
     Lair:5 |   11013 |   11686 |  51.5 |      31 |      28 |  47.5
   Shoals:1 |    5595 |    3852 |  40.8 |      13 |       2 |  13.3
   Shoals:2 |   12502 |       0 |   0.0 |      24 |       0 |   0.0
   Shoals:3 |    4880 |    4347 |  47.1 |      12 |       1 |   7.7
   Shoals:4 |   10884 |   19828 |  64.6 |      23 |      31 |  57.4
    Snake:1 |   16810 |       0 |   0.0 |      35 |       0 |   0.0
    Snake:2 |   21341 |   14747 |  40.9 |      40 |      30 |  42.9
    Snake:3 |   23731 |    1904 |   7.4 |      44 |       1 |   2.2
    Snake:4 |   16479 |   16958 |  50.7 |      32 |      32 |  50.0
      Orc:1 |    3038 |       0 |   0.0 |      29 |       0 |   0.0
      Orc:2 |    5684 |    9146 |  61.7 |      27 |      66 |  71.0
   Vaults:1 |   17354 |   22255 |  56.2 |      28 |      29 |  50.9
   Vaults:2 |   28594 |   19777 |  40.9 |      45 |      26 |  36.6
   Vaults:3 |    9661 |    9810 |  50.4 |      16 |      13 |  44.8
   Vaults:4 |   22453 |   38393 |  63.1 |      36 |      45 |  55.6
   Vaults:5 |   36322 |   88952 |  71.0 |      55 |      75 |  57.7
   Depths:1 |   19375 |   20165 |  51.0 |      23 |      22 |  48.9
   Depths:2 |   29935 |   12538 |  29.5 |      34 |      14 |  29.2
   Depths:3 |   26127 |   10536 |  28.7 |      30 |      12 |  28.6
   Depths:4 |   20293 |   36941 |  64.5 |      22 |      39 |  63.9
    Abyss:3 |   12623 |       0 |   0.0 |      28 |       0 |   0.0
    Abyss:4 |    9649 |       0 |   0.0 |      18 |       0 |   0.0
 Desolation |       0 |   27988 | 100.0 |       0 |      54 | 100.0
   Gauntlet |       0 |    4174 | 100.0 |       0 |      10 | 100.0
            +---------+---------+-------+---------+---------+-------
